Workbook
Name TypeIntervention: [1]Lists!$B$57:$B$59

Sheet M2 - Assessment tool
B1: GENDER MAINSTREAMING ASSESSMENT TOOL FOR VENTURES
B2: Objective: This assessment will help you understand the level of gender mainstreaming in your organization and it will allow you to discover areas to improve! Instructions: 1) There are 10 sections in this assessment, covering 3 main organizational areas: I) staff and leadership diversity, II) gender-inclusive product or service, and III) diversity and equity in the supply chain 2) For each question there are 5 or 8 possible answers to choose from. Choose the option that is closer to your organization's situation or, if you think that none of the options is applicable to your organization, choose "Not applicable" 3) To select an answer, enter an "X" either manually or using the drop-down menu: Please, select only one answer 4) Once you have answered all the questions, move to the "M2 - Assessment results" page to see the current level of gender mainstreaming of your organization and discover areas that may need improvement Note: The word "women" is used to designate persons who identify as women, and the word "men" to designate persons who identify as men.
C4: STAFF AND LEADERSHIP DIVERSITY
B5: Section 1: Gender-balanced hiring
C8: 1.1 What proportion (%) of your organization's employees are women? | M8: delete
M9: remain split for the venture
E10: 0-15%
E11: 15-30%
E12: 30-45%
E13: 45-55%
E14: 55-70%
E15: 70-85%
E16: 85%-100%
E17: NA
C19: Question points: | E19: =IF(OR(C10="X",C16="X"),1,IF(OR(C11="X",C15="X"),2,IF(OR(C12="X",C14="X"),3,IF(C13="X",4,0)))) -> 0
C21: 1.2 Does your organization employ women/men beyond “stereotyped” roles? (e.g. women are generally expected to be supportive while men are expected to be competitive, resulting in women being overrepresented in administrative positions and men in sales positions)
E23: We (almost) do not have women or men in our team in general
E24: Women in our team are mostly employed in women-dominated roles (e.g. administration, communication, HR, etc) while men are mainly employed in male-dominated roles (e.g. technical jobs, manual labour, sales, etc.)
E25: Our team has a good representation of women/men in non-stereotyped roles, but mostly in junior positions
E26: Our team has a good representation of women/men across seniority and job types
E27: NA
C29: Question points: | E29: =IF(C23="X",1,IF(C24="X",2,IF(C25="X",3,IF(C26="X",4,0)))) -> 0
C31: 1.3 Does your organization actively try to recruit employees of the gender that is under-represented in your team?
E33: We do not make any specific effort to ensure equal gender representation in our team, nor have objectives to do so
E34: We would like to improve equal gender representation in our team but we do not have specific initiatives to ensure that. Our recruiting materials are designed to communicate to candidates of all genders (e.g. text and visuals refer to both men and women)
E35: We actively search for candidates of the under-represented gender in our team by promoting opportunities in a way that is appealing to them (e.g. by putting forward elements that candidates of the under-represented gender typically value, e.g. for women mentioning working environment, flexibility, benefits for working mothers, etc.)
E36: We have a robust process to find candidates of the under-represented gender in our team (e.g. hosting recruiting events targeting candidates of the under-represented gender, promoting positions through non-traditional channels, expanding our pool of candidates to non-traditional profiles), attract them (e.g. pitch adjusted to what candidates of the under-represented gender value) and support them in the recruiting process
E37: NA
C39: Question points: | E39: =IF(C33="X",1,IF(C34="X",2,IF(C35="X",3,IF(C36="X",4,0)))) -> 0
C41: 1.4 Does your organization have processes in place to ensure that you give equal opportunities to candidates of all genders as a recruiter?
E43: We do not have specific processes in place to ensure equal opportunities in our recruiting process
E44: We are mindful of biases and try to be fair in our recruiting process
E45: We have several initiatives to ensure that candidates are given equal opportunities in our recruiting process. We use blind CVs (i.e. removing name, photo) and our recruiters have gone through an unconscious bias training
E46: We have several initiatives to ensure that candidates are given equal opportunities in our recruiting process. We use blind CVs, our recruiters have gone through an unconscious bias training, and we have a process in which shortlisted candidates are discussed by a gender-diverse committee
E47: NA
C49: Question points: | E49: =IF(C43="X",1,IF(C44="X",2,IF(C45="X",3,IF(C46="X",4,0)))) -> 0
C51: 1.5 What proportion (%) of your organization's top management are women?
E53: 0-15%
E54: 15-30%
E55: 30-45%
E56: 45-55%
E57: 55-70%
E58: 70-85%
E59: 85%-100%
E60: NA
C62: Question points: | E62: =IF(OR(C53="X",C59="X"),1,IF(OR(C54="X",C58="X"),2,IF(OR(C55="X",C57="X"),3,IF(C56="X",4,0)))) -> 0
C64: 1.6 Does your organization actively try to recruit managers of the gender that is under-represented in top management positions?
E66: We do not make any specific effort to ensure equal gender representation in top management positions, nor have objectives to do so
E67: We would like to improve equal gender representation in top management positions but we do not have specific initiatives to ensure that. Our recruiting materials are designed to communicate to candidates of all genders (e.g. text and visuals refer to both men and women)
E68: We actively search for candidates of the under-represented gender to fill top management positions by promoting opportunities in a way that is appealing to them (e.g. by putting forward elements that candidates of the under-represented gender typically value, e.g. for women mentioning working environment, flexibility, benefits for working mothers, etc.)
E69: We have a robust process to find candidates of the under-represented gender for top management positions (e.g. hosting recruiting events targeting candidates of the under-represented gender, promoting positions through non-traditional channels, expanding our pool of candidates to non-traditional profiles), attract them (e.g. pitch adjusted to what candidates of the under-represented gender value) and support them in our recruiting process
E70: NA
C72: Question points: | E72: =IF(C66="X",1,IF(C67="X",2,IF(C68="X",3,IF(C69="X",4,0)))) -> 0
C74: STAFF AND LEADERSHIP DIVERSITY
C75: Section 2: Gender-balanced promotion and retention
C78: 2.1 On average, do employees of all genders progress on their career at the same pace in your organization?
E80: We do not measure the pace of career progression so it is hard to tell
E81: Employees of a certain gender tend to be promoted more slowly than their counterparts
E82: Employees of all genders progress similarly, until top management positions, where a employees of a certain gender often take the lead due to gender-specific barriers that their counterparts face
E83: We frequently measure and address the pace of career progression by gender and we know employees of all genders progress at the same pace in our organization
E84: NA
C86: Question points: | E86: =IF(C80="X",1,IF(C81="X",2,IF(C82="X",3,IF(C83="X",4,0)))) -> 0
C88: 2.2 Does your organization actively try to promote employees of the gender that is under-represented in top management positions?
E90: We do not make any specific effort to ensure equal gender representation in top management positions, nor have objectives to do so
E91: We would like to improve equal gender representation in top management positions but we do not have specific initiatives to ensure that
E92: We actively try to promote employees of the under-represented gender in top management positions (e.g. prioritize candidates of the under-represented gender)
E93: We have a robust process to encourage and facilitate the promotion of employees of the under-represented gender in top management positions (e.g. allow for flexibility, objective promotions policies)
E94: NA
C96: Question points: | E96: =IF(C90="X",1,IF(C91="X",2,IF(C92="X",3,IF(C93="X",4,0)))) -> 0
C98: 2.3 Does your organization offer women-to-women/men-to-men mentorship programs?
E100: No
E101: No, but we are open to the idea
E102: Yes, but only in specific cases/on an ad-hoc basis
E103: Yes, we have a specific women-to-women/men-to-men mentorship program for employees
E104: NA
C106: Question points: | E106: =IF(C100="X",1,IF(C101="X",2,IF(C102="X",3,IF(C103="X",4,0)))) -> 0
C108: STAFF AND LEADERSHIP DIVERSITY
C109: Section 3: Gender-sensitive HR policies and practices
C112: 3.1 Does you organization provide the same salary for employees of all genders at the same level of responsibility?
E114: Salaries are negotiated on a case by case basis, regardless of gender
E115: Most of our employees in an equivalent level of responsibility have the same salary regardless of gender
E116: We have a process in place to ensure that employees at equivalent level of responsibility have the same salary regardless of gender, but this is mostly valid for junior employees
E117: We have a process in place to ensure that employees at equivalent level of responsibility have the same salary regardless of gender, at every level of the organization
E118: NA
C120: Question points: | E120: =IF(C114="X",1,IF(C115="X",2,IF(C116="X",3,IF(C117="X",4,0)))) -> 0
C122: 3.2 Does your organization provide transparency on salary levels and gender pay gap ratio?
E124: We have no transparency on salary levels of employees
E125: We have some transparency on salary levels but not disaggregated by gender
E126: We have transparency on salary levels, disaggregated by gender
E127: We have transparency on salary levels, disaggregated by gender, and we discuss salary policies with our team to ensure that there is no discrimination based on gender (or perception thereof)
E128: NA
C130: Question points: | E130: =IF(C124="X",1,IF(C125="X",2,IF(C126="X",3,IF(C127="X",4,0)))) -> 0
C132: 3.3 Does your organization ensure clear and objective criteria for salary increases and promotions, taking into account differences between genders in approaching these discussions/ negotiations?
E134: We treat everyone the same way, without objective criteria or taking into account gender dynamics
E135: We are aware of gender dynamics (i.e. that women tend to be less aggressive in their demands), but we do not actively try to create awareness about these dynamics or counteract them with objective criteria for increases
E136: We are transparent about what level of salary can be expected for various levels of responsibility, and we encourage our high-performing employees to assert their demands more forcefully should they not already do so
E137: We are transparent about what level of salary can be expected for various levels of responsibility, and we offer salary increases based on objective, well-defined criteria. Salary increases are discussed in a gender-diverse committee. If applicable, employees (especially women) are made aware of their tendency to be less vocal about their demands
E138: NA
C140: Question points: | E140: =IF(C134="X",1,IF(C135="X",2,IF(C136="X",3,IF(C137="X",4,0)))) -> 0
C142: 3.4 Does your organization have a paid parental leave policy?
...

Sheet M2 - Assessment results
B1: RESULTS TABLE
B2: Instructions to read your results: 1) You have one result per section and one total result, that is the average of your scores in every section. The scale goes from 1 (low) to 4 (high) 2) Now that you have your results, move to the "M2 - Idea prioritization" page to see all potential gender mainstreaming initiatives to be implemented in your organization and prioritize them 3) You can also move to the "M2 - Library of resources" page for more ideas on how to improve gender mainstreaming in your organization.
B4: Area | D4: Section | E4: Result
B5: Staff and leadership diversity | D5: ='M2 - Assessment tool'!B5 -> Section 1: Gender-balanced hiring | E5: =IFERROR(AVERAGEIF('Assessment answers'!B7:B12,"<>0"),"NA") -> NA
D6: ='M2 - Assessment tool'!C75 -> Section 2: Gender-balanced promotion and retention | E6: =IFERROR(AVERAGEIF('Assessment answers'!B14:B16,"<>0"),"NA") -> NA
D7: ='M2 - Assessment tool'!C109 -> Section 3: Gender-sensitive HR policies and practices | E7: =IFERROR(AVERAGEIF('Assessment answers'!B18:B28,"<>0"),"NA") -> NA
D8: ='M2 - Assessment tool'!C223 -> Section 4: Board of Directors' diversity | E8: =IFERROR(AVERAGEIF('Assessment answers'!B30:B31,"<>0"),"NA") -> NA
B9: Gender-inclusive product or service | D9: ='M2 - Assessment tool'!C250 -> Section 5: Gender-sensitive product design and market research | E9: =IFERROR(AVERAGEIF('Assessment answers'!B33:B35,"<>0"),"NA") -> NA
D10: ='M2 - Assessment tool'!C284 -> Section 6: Gender-inclusive marketing and communication | E10: =IFERROR(AVERAGEIF('Assessment answers'!B37:B40,"<>0"),"NA") -> NA
D11: ='M2 - Assessment tool'!C328 -> Section 7: Diversity in distribution and sales teams | E11: =IFERROR(AVERAGEIF('Assessment answers'!B42:B44,"<>0"),"NA") -> NA
D12: ='M2 - Assessment tool'!C365 -> Section 8: Gender-sensitive customer service | E12: =IFERROR(AVERAGEIF('Assessment answers'!B46,"<>0"),"NA") -> NA
B13: Diversity and equity in the supply chain | D13: ='M2 - Assessment tool'!C379 -> Section 9: Gender-inclusive selection of strategic suppliers | E13: =IFERROR(AVERAGEIF('Assessment answers'!B48:B51,"<>0"),"NA") -> NA
D14: ='M2 - Assessment tool'!C426 -> Section 10: Gender-sensitive training of strategic suppliers | E14: =IFERROR(AVERAGEIF('Assessment answers'!B53:B54,"<>0"),"NA") -> NA
D15: Total | E15: =IFERROR(AVERAGEIF(E5:E14,"<>0"),"NA") -> NA

Sheet Assessment answers
B2: ANSWERS
B3: X
B5: RANGES FOR AVERAGE
A6: Sub-section | B6: Section 1 | C6: =IF(B6=0,"NA",B6) -> Section 1
A7: 1.1 | B7: ='M2 - Assessment tool'!E19 -> 0 | C7: =IF(B7=0,"NA",B7) -> NA
A8: 1.2 | B8: ='M2 - Assessment tool'!E29 -> 0 | C8: =IF(B8=0,"NA",B8) -> NA
A9: 1.3 | B9: ='M2 - Assessment tool'!E39 -> 0 | C9: =IF(B9=0,"NA",B9) -> NA
A10: 1.4 | B10: ='M2 - Assessment tool'!E49 -> 0 | C10: =IF(B10=0,"NA",B10) -> NA
A11: 1.5 | B11: ='M2 - Assessment tool'!E62 -> 0 | C11: =IF(B11=0,"NA",B11) -> NA
A12: 1.6 | B12: ='M2 - Assessment tool'!E72 -> 0 | C12: =IF(B12=0,"NA",B12) -> NA
A13: - | B13: Section 2 | C13: =IF(B13=0,"NA",B13) -> Section 2
A14: 2.1 | B14: ='M2 - Assessment tool'!E86 -> 0 | C14: =IF(B14=0,"NA",B14) -> NA
A15: 2.2 | B15: ='M2 - Assessment tool'!E96 -> 0 | C15: =IF(B15=0,"NA",B15) -> NA
A16: 2.3 | B16: ='M2 - Assessment tool'!E106 -> 0 | C16: =IF(B16=0,"NA",B16) -> NA
A17: - | B17: Section 3 | C17: =IF(B17=0,"NA",B17) -> Section 3
A18: 3.1 | B18: ='M2 - Assessment tool'!E120 -> 0 | C18: =IF(B18=0,"NA",B18) -> NA
A19: 3.2 | B19: ='M2 - Assessment tool'!E130 -> 0 | C19: =IF(B19=0,"NA",B19) -> NA
A20: 3.3 | B20: ='M2 - Assessment tool'!E140 -> 0 | C20: =IF(B20=0,"NA",B20) -> NA
A21: 3.4 | B21: ='M2 - Assessment tool'!E150 -> 0 | C21: =IF(B21=0,"NA",B21) -> NA
A22: 3.5 | B22: ='M2 - Assessment tool'!E160 -> 0 | C22: =IF(B22=0,"NA",B22) -> NA
A23: 3.6 | B23: ='M2 - Assessment tool'!E170 -> 0 | C23: =IF(B23=0,"NA",B23) -> NA
A24: 3.7 | B24: ='M2 - Assessment tool'!E180 -> 0 | C24: =IF(B24=0,"NA",B24) -> NA
A25: 3.8 | B25: ='M2 - Assessment tool'!E190 -> 0 | C25: =IF(B25=0,"NA",B25) -> NA
A26: 3.9 | B26: ='M2 - Assessment tool'!E200 -> 0 | C26: =IF(B26=0,"NA",B26) -> NA
A27: 3.1* | B27: ='M2 - Assessment tool'!E210 -> 0 | C27: =IF(B27=0,"NA",B27) -> NA
A28: 3.11 | B28: ='M2 - Assessment tool'!E220 -> 0 | C28: =IF(B28=0,"NA",B28) -> NA
A29: - | B29: Section 4 | C29: =IF(B29=0,"NA",B29) -> Section 4
A30: 4.1 | B30: ='M2 - Assessment tool'!E237 -> 0 | C30: =IF(B30=0,"NA",B30) -> NA
A31: 4.2 | B31: ='M2 - Assessment tool'!E247 -> 0 | C31: =IF(B31=0,"NA",B31) -> NA
A32: - | B32: Section 5 | C32: =IF(B32=0,"NA",B32) -> Section 5
A33: 5.1 | B33: ='M2 - Assessment tool'!E261 -> 0 | C33: =IF(B33=0,"NA",B33) -> NA
A34: 5.2 | B34: ='M2 - Assessment tool'!E271 -> 0 | C34: =IF(B34=0,"NA",B34) -> NA
A35: 5.3 | B35: ='M2 - Assessment tool'!E281 -> 0 | C35: =IF(B35=0,"NA",B35) -> NA
A36: - | B36: Section 6 | C36: =IF(B36=0,"NA",B36) -> Section 6
A37: 6.1 | B37: ='M2 - Assessment tool'!E295 -> 0 | C37: =IF(B37=0,"NA",B37) -> NA
A38: 6.2 | B38: ='M2 - Assessment tool'!E305 -> 0 | C38: =IF(B38=0,"NA",B38) -> NA
A39: 6.3 | B39: ='M2 - Assessment tool'!E315 -> 0 | C39: =IF(B39=0,"NA",B39) -> NA
A40: 6.4 | B40: ='M2 - Assessment tool'!E325 -> 0 | C40: =IF(B40=0,"NA",B40) -> NA
A41: - | B41: Section 7 | C41: =IF(B41=0,"NA",B41) -> Section 7
A42: 7.1 | B42: ='M2 - Assessment tool'!E342 -> 0 | C42: =IF(B42=0,"NA",B42) -> NA
A43: 7.2 | B43: ='M2 - Assessment tool'!E352 -> 0 | C43: =IF(B43=0,"NA",B43) -> NA
A44: 7.3 | B44: ='M2 - Assessment tool'!E362 -> 0 | C44: =IF(B44=0,"NA",B44) -> NA
A45: - | B45: Section 8 | C45: =IF(B45=0,"NA",B45) -> Section 8
A46: 8.1 | B46: ='M2 - Assessment tool'!E376 -> 0 | C46: =IF(B46=0,"NA",B46) -> NA
A47: - | B47: Section 9 | C47: =IF(B47=0,"NA",B47) -> Section 9
A48: 9.1 | B48: ='M2 - Assessment tool'!E393 -> 0 | C48: =IF(B48=0,"NA",B48) -> NA
A49: 9.2 | B49: ='M2 - Assessment tool'!E403 -> 0 | C49: =IF(B49=0,"NA",B49) -> NA
A50: 9.3 | B50: ='M2 - Assessment tool'!E413 -> 0 | C50: =IF(B50=0,"NA",B50) -> NA
A51: 9.4 | B51: ='M2 - Assessment tool'!E423 -> 0 | C51: =IF(B51=0,"NA",B51) -> NA
A52: - | B52: Section 10 | C52: =IF(B52=0,"NA",B52) -> Section 10
A53: 10.1 | B53: ='M2 - Assessment tool'!E437 -> 0 | C53: =IF(B53=0,"NA",B53) -> NA
A54: 10.2 | B54: ='M2 - Assessment tool'!E447 -> 0 | C54: =IF(B54=0,"NA",B54) -> NA

Sheet M2 - Idea prioritization
D1: IDEA PRIORITIZATION TEMPLATE
D2: Objective: Identify the areas requiring immediate attention in terms of gender mainstreaming. Instructions: 1) Review your results for each question of the assessment tool in Column D. The score can be low, below average or high. Questions that did not apply to your organization appear as "non applicable". 2) For low and below-average scores, examine the related gaps and potential solutions for your organization. 3) Once you have read them all, assess their business impact, social impact and feasibility. The assessment can be low, medium or high. 4) Identify the areas that have a higher prioritization level in column K. High priority shows in dark green, middle priority in orange and low priority in red. 5) In column L, explain how you rated the initiative (in terms of business impact, social impact, and feasibility), and why you chose to prioritize—or not prioritize—the initiative. For example, clarify why you did not prioritize initiatives in areas where you have significant gaps, outlining factors such as limitations due to your specific organizational context, high costs, complexity, etc. Note: The word "women" is used to designate persons who identify as women, and the word "men" to designate persons who identify as men. Column M is for LeFil's use.
B4: Question | C4: Score | D4: Assessment result | E4: Opportunity area | F4: Description of the gap | G4: Description of the solution | H4: Business impact: increase in revenues, reduction of costs, helps with fundraising, etc. | I4: Social impact: promotion of gender equality and equity | J4: Feasibility | K4: Prioritization score | L4: Please explain your rating and why you chose to prioritize - or not prioritize - the initiative | M4: Remarks from LeFil prior workshop
B5: 1.1 What proportion (%) of your organization's employees are women? | C5: ='Assessment answers'!B7 -> 0 | D5: =IF(C5>=3,"Your scored well in this area. Focus your efforts on other problem areas.",IF(AND(C5<3,C5>=2),"You scored below average in this area. We suggest you work on this problem area. Please fill in columns H-J",IF(AND(C5<2,C5>0),"You scored low in this area. We strongly suggest you work on this problem area. Please fill in columns H-J",IF(C5=0,"This area is not applicable for your venture.","")))) -> This area is not applicable for your venture. | E5: 1. Gender-balanced hiring | F5: One gender is under-represented in the team | G5: Create a robust process to find candidates of the under-represented gender in the team (e.g. hosting recruiting events targeting candidates of the under-represented gender, promoting positions through non-traditional channels, expanding the pool of candidates to non-traditional profiles), attract them (e.g. pitch adjusted to what candidates of the under-represented gender value) and support them in the recruiting process | K5: =IFERROR(VLOOKUP($I5,'Idea prioritization list'!$D$1:$E$3,2,0),0)+IFERROR(VLOOKUP($H5,'Idea prioritization list'!$D$1:$E$3,2,0),0)+IFERROR(VLOOKUP($J5,'Idea prioritization list'!$D$1:$E$3,2,0),0) -> 0
B6: 1.2 Does organization employ women/men beyond “stereotyped” roles? (e.g. women are generally expected to be supportive while men are expected to be competitive, resulting in women being overrepresented in administrative positions and men in sales positions) | C6: ='Assessment answers'!B8 -> 0 | D6: =IF(C6>=3,"Your scored well in this area. Focus your efforts on other problem areas.",IF(AND(C6<3,C6>=2),"You scored below average in this area. We suggest you work on this problem area. Please fill in columns H-J",IF(AND(C6<2,C6>0),"You scored low in this area. We strongly suggest you work on this problem area. Please fill in columns H-J",IF(C6=0,"This area is not applicable for your venture.","")))) -> This area is not applicable for your venture. | E6: 1. Gender-balanced hiring | F6: Women and/or men are employed in stereotyped roles (e.g. women are generally expected to be supportive while men are expected to be competitive, resulting in women being overrepresented in administrative positions and men in sales positions) | G6: Create a robust hiring process to find, attract and support candidates of the under-represented gender across seniority levels and job types (eg.: targeting men for secretary positions or women for field positions) | K6: =IFERROR(VLOOKUP($I6,'Idea prioritization list'!$D$1:$E$3,2,0),0)+IFERROR(VLOOKUP($H6,'Idea prioritization list'!$D$1:$E$3,2,0),0)+IFERROR(VLOOKUP($J6,'Idea prioritization list'!$D$1:$E$3,2,0),0) -> 0
B7: 1.3 Does your organization actively try to recruit employees of the gender that is under-represented in your team? | C7: ='Assessment answers'!B9 -> 0 | D7: =IF(C7>=3,"Your scored well in this area. Focus your efforts on other problem areas.",IF(AND(C7<3,C7>=2),"You scored below average in this area. We suggest you work on this problem area. Please fill in columns H-J",IF(AND(C7<2,C7>0),"You scored low in this area. We strongly suggest you work on this problem area. Please fill in columns H-J",IF(C7=0,"This area is not applicable for your venture.","")))) -> This area is not applicable for your venture. | E7: 1. Gender-balanced hiring | F7: The organization does not try to recruit employees of the gender that is under-represented in the team | G7: Create a robust process to find candidates of the under-represented gender in the team (e.g. hosting recruiting events targeting candidates of the under-represented gender, promoting positions through non-traditional channels, expanding the pool of candidates to non-traditional profiles), attract them (e.g. pitch adjusted to what candidates of the under-represented gender value) and support them in the recruiting process | K7: =IFERROR(VLOOKUP($I7,'Idea prioritization list'!$D$1:$E$3,2,0),0)+IFERROR(VLOOKUP($H7,'Idea prioritization list'!$D$1:$E$3,2,0),0)+IFERROR(VLOOKUP($J7,'Idea prioritization list'!$D$1:$E$3,2,0),0) -> 0
B8: 1.4 Does your organization have processes in place to ensure that you give equal opportunities to candidates of all genders as a recruiter? | C8: ='Assessment answers'!B10 -> 0 | D8: =IF(C8>=3,"Your scored well in this area. Focus your efforts on other problem areas.",IF(AND(C8<3,C8>=2),"You scored below average in this area. We suggest you work on this problem area. Please fill in columns H-J",IF(AND(C8<2,C8>0),"You scored low in this area. We strongly suggest you work on this problem area. Please fill in columns H-J",IF(C8=0,"This area is not applicable for your venture.","")))) -> This area is not applicable for your venture. | E8: 1. Gender-balanced hiring | F8: The organization does not have processes in place to ensure equal opportunities to candidates of all genders as a recruiter | G8: Design initiatives to ensure that candidates are given equal opportunities in the recruiting process. Use blind CVs, train the recruiters on unconscious bias, and create a process in which shortlisted candidates are discussed by a gender-diverse committee | K8: =IFERROR(VLOOKUP($I8,'Idea prioritization list'!$D$1:$E$3,2,0),0)+IFERROR(VLOOKUP($H8,'Idea prioritization list'!$D$1:$E$3,2,0),0)+IFERROR(VLOOKUP($J8,'Idea prioritization list'!$D$1:$E$3,2,0),0) -> 0
B9: 1.5 What proportion (%) of your organization's top management are women? | C9: ='Assessment answers'!B11 -> 0 | D9: =IF(C9>=3,"Your scored well in this area. Focus your efforts on other problem areas.",IF(AND(C9<3,C9>=2),"You scored below average in this area. We suggest you work on this problem area. Please fill in columns H-J",IF(AND(C9<2,C9>0),"You scored low in this area. We strongly suggest you work on this problem area. Please fill in columns H-J",IF(C9=0,"This area is not applicable for your venture.","")))) -> This area is not applicable for your venture. | E9: 1. Gender-balanced hiring | F9: One gender is under-represented in the leadership team | G9: Create a robust process to find candidates of the under-represented gender for the leadership team (e.g. hosting recruiting events targeting candidates of the under-represented gender, promoting positions through non-traditional channels, expanding the pool of candidates to non-traditional profiles), attract them (e.g. pitch adjusted to what candidates of the under-represented gender value) and support them in the recruiting process | K9: =IFERROR(VLOOKUP($I9,'Idea prioritization list'!$D$1:$E$3,2,0),0)+IFERROR(VLOOKUP($H9,'Idea prioritization list'!$D$1:$E$3,2,0),0)+IFERROR(VLOOKUP($J9,'Idea prioritization list'!$D$1:$E$3,2,0),0) -> 0
B10: 1.6 Does your organization actively try to recruit managers of the gender that is under-represented in top management positions? | C10: ='Assessment answers'!B12 -> 0 | D10: =IF(C10>=3,"Your scored well in this area. Focus your efforts on other problem areas.",IF(AND(C10<3,C10>=2),"You scored below average in this area. We suggest you work on this problem area. Please fill in columns H-J",IF(AND(C10<2,C10>0),"You scored low in this area. We strongly suggest you work on this problem area. Please fill in columns H-J",IF(C10=0,"This area is not applicable for your venture.","")))) -> This area is not applicable for your venture. | E10: 1. Gender-balanced hiring | F10: The organization does not try to recruit managers of the gender that is under-represented in top management positions | G10: Create a robust process to find candidates of the under-represented gender for top management positions (e.g. hosting recruiting events targeting candidates of the under-represented gender, promoting positions through non-traditional channels, expanding the pool of candidates to non-traditional profiles), attract them (e.g. pitch adjusted to what candidates of the under-represented gender value) and support them in the recruiting process | K10: =IFERROR(VLOOKUP($I10,'Idea prioritization list'!$D$1:$E$3,2,0),0)+IFERROR(VLOOKUP($H10,'Idea prioritization list'!$D$1:$E$3,2,0),0)+IFERROR(VLOOKUP($J10,'Idea prioritization list'!$D$1:$E$3,2,0),0) -> 0
B11: 2.1 On average, do employees of all genders progress on their career at the same pace in your organization? | C11: ='Assessment answers'!B14 -> 0 | D11: =IF(C11>=3,"Your scored well in this area. Focus your efforts on other problem areas.",IF(AND(C11<3,C11>=2),"You scored below average in this area. We suggest you work on this problem area. Please fill in columns H-J",IF(AND(C11<2,C11>0),"You scored low in this area. We strongly suggest you work on this problem area. Please fill in columns H-J",IF(C11=0,"This area is not applicable for your venture.","")))) -> This area is not applicable for your venture. | E11: 2. Gender-balanced promotion and retention | F11: The organization does not measure the pace of career progression | G11: Measure and address frequently the pace of career progression by gender and ensure that all employees of all genders progress at the same pace | K11: =IFERROR(VLOOKUP($I11,'Idea prioritization list'!$D$1:$E$3,2,0),0)+IFERROR(VLOOKUP($H11,'Idea prioritization list'!$D$1:$E$3,2,0),0)+IFERROR(VLOOKUP($J11,'Idea prioritization list'!$D$1:$E$3,2,0),0) -> 0
B12: 2.2 Does your organization actively try to promote employees of the gender that is under-represented in top management positions? | C12: ='Assessment answers'!B15 -> 0 | D12: =IF(C12>=3,"Your scored well in this area. Focus your efforts on other problem areas.",IF(AND(C12<3,C12>=2),"You scored below average in this area. We suggest you work on this problem area. Please fill in columns H-J",IF(AND(C12<2,C12>0),"You scored low in this area. We strongly suggest you work on this problem area. Please fill in columns H-J",IF(C12=0,"This area is not applicable for your venture.","")))) -> This area is not applicable for your venture. | E12: 2. Gender-balanced promotion and retention | F12: The organization does not do any specific effort to ensure equal gender representation in top management positions, nor has objectives to do so | G12: Create a robust process to encourage and facilitate the promotion of employees of the under-represented gender in top management positions (e.g. allow for flexibility, objective promotions policies) | K12: =IFERROR(VLOOKUP($I12,'Idea prioritization list'!$D$1:$E$3,2,0),0)+IFERROR(VLOOKUP($H12,'Idea prioritization list'!$D$1:$E$3,2,0),0)+IFERROR(VLOOKUP($J12,'Idea prioritization list'!$D$1:$E$3,2,0),0) -> 0
B13: 2.3 Does your organization offer women-to-women/men-to-men mentorship programs? | C13: ='Assessment answers'!B16 -> 0 | D13: =IF(C13>=3,"Your scored well in this area. Focus your efforts on other problem areas.",IF(AND(C13<3,C13>=2),"You scored below average in this area. We suggest you work on this problem area. Please fill in columns H-J",IF(AND(C13<2,C13>0),"You scored low in this area. We strongly suggest you work on this problem area. Please fill in columns H-J",IF(C13=0,"This area is not applicable for your venture.","")))) -> This area is not applicable for your venture. | E13: 2. Gender-balanced promotion and retention | F13: The organization does not offer gender-specific mentorships | G13: Offer specific women-to-women/men-to-men mentorship program for employees | K13: =IFERROR(VLOOKUP($I13,'Idea prioritization list'!$D$1:$E$3,2,0),0)+IFERROR(VLOOKUP($H13,'Idea prioritization list'!$D$1:$E$3,2,0),0)+IFERROR(VLOOKUP($J13,'Idea prioritization list'!$D$1:$E$3,2,0),0) -> 0
B14: 3.1 Does you organization provide the same salary for employees of all genders at the same level of responsibility? | C14: ='Assessment answers'!B18 -> 0 | D14: =IF(C14>=3,"Your scored well in this area. Focus your efforts on other problem areas.",IF(AND(C14<3,C14>=2),"You scored below average in this area. We suggest you work on this problem area. Please fill in columns H-J",IF(AND(C14<2,C14>0),"You scored low in this area. We strongly suggest you work on this problem area. Please fill in columns H-J",IF(C14=0,"This area is not applicable for your venture.","")))) -> This area is not applicable for your venture. | E14: 3. Gender sensitive HR policies and practices | F14: Salaries are negotiated on a case by case basis, regardless of gender | G14: Create a process to ensure that employees at equivalent level of responsability have the same salary regardless of gender, at every level of the organization | K14: =IFERROR(VLOOKUP($I14,'Idea prioritization list'!$D$1:$E$3,2,0),0)+IFERROR(VLOOKUP($H14,'Idea prioritization list'!$D$1:$E$3,2,0),0)+IFERROR(VLOOKUP($J14,'Idea prioritization list'!$D$1:$E$3,2,0),0) -> 0
B15: 3.2 Does your organization provide transparency on salary levels and gender pay gap ratio? | C15: ='Assessment answers'!B19 -> 0 | D15: =IF(C15>=3,"Your scored well in this area. Focus your efforts on other problem areas.",IF(AND(C15<3,C15>=2),"You scored below average in this area. We suggest you work on this problem area. Please fill in columns H-J",IF(AND(C15<2,C15>0),"You scored low in this area. We strongly suggest you work on this problem area. Please fill in columns H-J",IF(C15=0,"This area is not applicable for your venture.","")))) -> This area is not applicable for your venture. | E15: 3. Gender sensitive HR policies and practices | F15: There is no transparency on the salary levels of employees | G15: Communicate transparently on salary levels, disaggregated by gender, and discuss salary policies with the team to ensure that there is no discrimination based on gender (or perception thereof) | K15: =IFERROR(VLOOKUP($I15,'Idea prioritization list'!$D$1:$E$3,2,0),0)+IFERROR(VLOOKUP($H15,'Idea prioritization list'!$D$1:$E$3,2,0),0)+IFERROR(VLOOKUP($J15,'Idea prioritization list'!$D$1:$E$3,2,0),0) -> 0
B16: 3.3 Does your organization ensure clear and objective criteria for salary increases and promotions, taking into account differences between genders in approaching these discussions/ negotiations? | C16: ='Assessment answers'!B20 -> 0 | D16: =IF(C16>=3,"Your scored well in this area. Focus your efforts on other problem areas.",IF(AND(C16<3,C16>=2),"You scored below average in this area. We suggest you work on this problem area. Please fill in columns H-J",IF(AND(C16<2,C16>0),"You scored low in this area. We strongly suggest you work on this problem area. Please fill in columns H-J",IF(C16=0,"This area is not applicable for your venture.","")))) -> This area is not applicable for your venture. | E16: 3. Gender sensitive HR policies and practices | F16: There are no clear and objective criteria for salary increases and promortions taking into account gender dynamics | G16: Communicate transparently about what level of salary can be expected for various levels of responsibility, and offer salary increases based on objective, well-defined criteria. Salary increases are discussed in a gender-diverse committee. If applicable, employees (especially women) are made aware of their tendency to be less vocal about their demands | K16: =IFERROR(VLOOKUP($I16,'Idea prioritization list'!$D$1:$E$3,2,0),0)+IFERROR(VLOOKUP($H16,'Idea prioritization list'!$D$1:$E$3,2,0),0)+IFERROR(VLOOKUP($J16,'Idea prioritization list'!$D$1:$E$3,2,0),0) -> 0
B17: 3.4 Does your organization have a paid parental leave policy? | C17: ='Assessment answers'!B21 -> 0 | D17: =IF(C17>=3,"Your scored well in this area. Focus your efforts on other problem areas.",IF(AND(C17<3,C17>=2),"You scored below average in this area. We suggest you work on this problem area. Please fill in columns H-J",IF(AND(C17<2,C17>0),"You scored low in this area. We strongly suggest you work on this problem area. Please fill in columns H-J",IF(C17=0,"This area is not applicable for your venture.","")))) -> This area is not applicable for your venture. | E17: 3. Gender sensitive HR policies and practices | F17: The organization only offers unpaid maternity leave for new mothers | G17: Provide paid parental leave that goes beyond what is mandated by law (i.e. for a longer period and/or at a higher pay), with equal conditions for both biological and non-biological mothers and fathers, and actively encourage fathers to take advantage of such policy to the same extent as mothers | K17: =IFERROR(VLOOKUP($I17,'Idea prioritization list'!$D$1:$E$3,2,0),0)+IFERROR(VLOOKUP($H17,'Idea prioritization list'!$D$1:$E$3,2,0),0)+IFERROR(VLOOKUP($J17,'Idea prioritization list'!$D$1:$E$3,2,0),0) -> 0
B18: 3.5 Does your organization provide working conditions take into account the specific needs of (expecting) mothers and fathers? | C18: ='Assessment answers'!B22 -> 0 | D18: =IF(C18>=3,"Your scored well in this area. Focus your efforts on other problem areas.",IF(AND(C18<3,C18>=2),"You scored below average in this area. We suggest you work on this problem area. Please fill in columns H-J",IF(AND(C18<2,C18>0),"You scored low in this area. We strongly suggest you work on this problem area. Please fill in columns H-J",IF(C18=0,"This area is not applicable for your venture.","")))) -> This area is not applicable for your venture. | E18: 3. Gender sensitive HR policies and practices | F18: (Expecting) parents and caregivers have the same working conditions as everyone else | G18: Create robust initiatives to facilitate working conditions for (expecting) parents and caregivers in addition to part-time work, remote work, and flexible working hours. For example, offer breastfeeding rooms, on-site day care, additional personal time off for caregiving responsibilities, etc. | K18: =IFERROR(VLOOKUP($I18,'Idea prioritization list'!$D$1:$E$3,2,0),0)+IFERROR(VLOOKUP($H18,'Idea prioritization list'!$D$1:$E$3,2,0),0)+IFERROR(VLOOKUP($J18,'Idea prioritization list'!$D$1:$E$3,2,0),0) -> 0
B19: 3.6 Does your organization generally allow working part-time for both women and men? | C19: ='Assessment answers'!B23 -> 0 | D19: =IF(C19>=3,"Your scored well in this area. Focus your efforts on other problem areas.",IF(AND(C19<3,C19>=2),"You scored below average in this area. We suggest you work on this problem area. Please fill in columns H-J",IF(AND(C19<2,C19>0),"You scored low in this area. We strongly suggest you work on this problem area. Please fill in columns H-J",IF(C19=0,"This area is not applicable for your venture.","")))) -> This area is not applicable for your venture. | E19: 3. Gender sensitive HR policies and practices | F19: Part-time is not allowed | G19: Allow part-time work for all employees, regardless of their gender or personal situation | K19: =IFERROR(VLOOKUP($I19,'Idea prioritization list'!$D$1:$E$3,2,0),0)+IFERROR(VLOOKUP($H19,'Idea prioritization list'!$D$1:$E$3,2,0),0)+IFERROR(VLOOKUP($J19,'Idea prioritization list'!$D$1:$E$3,2,0),0) -> 0
B20: 3.7 Does your organization offer flexibility to work remotely (excluding COVID-19 regulations)? | C20: ='Assessment answers'!B24 -> 0 | D20: =IF(C20>=3,"Your scored well in this area. Focus your efforts on other problem areas.",IF(AND(C20<3,C20>=2),"You scored below average in this area. We suggest you work on this problem area. Please fill in columns H-J",IF(AND(C20<2,C20>0),"You scored low in this area. We strongly suggest you work on this problem area. Please fill in columns H-J",IF(C20=0,"This area is not applicable for your venture.","")))) -> This area is not applicable for your venture. | E20: 3. Gender sensitive HR policies and practices | F20: Remote work is not allowed | G20: Encourage employees to work remotely whenever needed and/or allow remote work at least 1 day per week | K20: =IFERROR(VLOOKUP($I20,'Idea prioritization list'!$D$1:$E$3,2,0),0)+IFERROR(VLOOKUP($H20,'Idea prioritization list'!$D$1:$E$3,2,0),0)+IFERROR(VLOOKUP($J20,'Idea prioritization list'!$D$1:$E$3,2,0),0) -> 0
B21: 3.8 Does your organization have policies to prevent and address sexual harassment? (e.g. where/ how to report, consequences, etc.) | C21: ='Assessment answers'!B25 -> 0 | D21: =IF(C21>=3,"Your scored well in this area. Focus your efforts on other problem areas.",IF(AND(C21<3,C21>=2),"You scored below average in this area. We suggest you work on this problem area. Please fill in columns H-J",IF(AND(C21<2,C21>0),"You scored low in this area. We strongly suggest you work on this problem area. Please fill in columns H-J",IF(C21=0,"This area is not applicable for your venture.","")))) -> This area is not applicable for your venture. | E21: 3. Gender sensitive HR policies and practices | F21: There are no policies on sexual harassment | G21: Design a policy against sexual harassment that includes a specific process/channel to report cases to a dedicated and knowledgeable person (e.g. ombudsman, mediator), who is available for employees who want to discuss any type of situation, maintaining confidentiality. The process to handle cases is also clearly defined | K21: =IFERROR(VLOOKUP($I21,'Idea prioritization list'!$D$1:$E$3,2,0),0)+IFERROR(VLOOKUP($H21,'Idea prioritization list'!$D$1:$E$3,2,0),0)+IFERROR(VLOOKUP($J21,'Idea prioritization list'!$D$1:$E$3,2,0),0) -> 0
B22: 3.9 Does your organization offer gender bias trainings to employees and leadership (i.e. for everyone to understand that they have a bias and how to address or mitigate it)? | C22: ='Assessment answers'!B26 -> 0 | D22: =IF(C22>=3,"Your scored well in this area. Focus your efforts on other problem areas.",IF(AND(C22<3,C22>=2),"You scored below average in this area. We suggest you work on this problem area. Please fill in columns H-J",IF(AND(C22<2,C22>0),"You scored low in this area. We strongly suggest you work on this problem area. Please fill in columns H-J",IF(C22=0,"This area is not applicable for your venture.","")))) -> This area is not applicable for your venture. | E22: 3. Gender sensitive HR policies and practices | F22: The team is unaware of their own gender bias and/or how to mitigate it | G22: Offer a mandatory gender training for employees across all functions and seniority levels | K22: =IFERROR(VLOOKUP($I22,'Idea prioritization list'!$D$1:$E$3,2,0),0)+IFERROR(VLOOKUP($H22,'Idea prioritization list'!$D$1:$E$3,2,0),0)+IFERROR(VLOOKUP($J22,'Idea prioritization list'!$D$1:$E$3,2,0),0) -> 0
B23: 3.10 Does your organization deliver feedback in a gender-differentiated way based on gender-related specific needs and preferences? | C23: ='Assessment answers'!B27 -> 0 | D23: =IF(C23>=3,"Your scored well in this area. Focus your efforts on other problem areas.",IF(AND(C23<3,C23>=2),"You scored below average in this area. We suggest you work on this problem area. Please fill in columns H-J",IF(AND(C23<2,C23>0),"You scored low in this area. We strongly suggest you work on this problem area. Please fill in columns H-J",IF(C23=0,"This area is not applicable for your venture.","")))) -> This area is not applicable for your venture. | E23: 3. Gender sensitive HR policies and practices | F23: Feedback is given in the same way to men and women, not taking into account gender-related specific needs and preferences | G23: All supervisors are trained to deliver feedback in a gender-differentiated way, depending on the employees' gender (e.g. using strength-focused feedback with more unsecure employees) | K23: =IFERROR(VLOOKUP($I23,'Idea prioritization list'!$D$1:$E$3,2,0),0)+IFERROR(VLOOKUP($H23,'Idea prioritization list'!$D$1:$E$3,2,0),0)+IFERROR(VLOOKUP($J23,'Idea prioritization list'!$D$1:$E$3,2,0),0) -> 0
B24: 3.11 Does your organization collect, analyze and act upon gender-disaggregated data related to human resources? | C24: ='Assessment answers'!B28 -> 0 | D24: =IF(C24>=3,"Your scored well in this area. Focus your efforts on other problem areas.",IF(AND(C24<3,C24>=2),"You scored below average in this area. We suggest you work on this problem area. Please fill in columns H-J",IF(AND(C24<2,C24>0),"You scored low in this area. We strongly suggest you work on this problem area. Please fill in columns H-J",IF(C24=0,"This area is not applicable for your venture.","")))) -> This area is not applicable for your venture. | E24: 3. Gender sensitive HR policies and practices | F24: The organization does not collect, analyze and/or act upon gender-disaggregated data related to human resources | G24: Collect and analyze systematically gender-disaggregated data related to all human resources procedures, with the view to improve the workplace for all employees | K24: =IFERROR(VLOOKUP($I24,'Idea prioritization list'!$D$1:$E$3,2,0),0)+IFERROR(VLOOKUP($H24,'Idea prioritization list'!$D$1:$E$3,2,0),0)+IFERROR(VLOOKUP($J24,'Idea prioritization list'!$D$1:$E$3,2,0),0) -> 0
B25: 4.1 What proportion (%) of your organization's board members are women? | C25: ='Assessment answers'!B30 -> 0 | D25: =IF(C25>=3,"Your scored well in this area. Focus your efforts on other problem areas.",IF(AND(C25<3,C25>=2),"You scored below average in this area. We suggest you work on this problem area. Please fill in columns H-J",IF(AND(C25<2,C25>0),"You scored low in this area. We strongly suggest you work on this problem area. Please fill in columns H-J",IF(C25=0,"This area is not applicable for your venture.","")))) -> This area is not applicable for your venture. | E25: 4. Board of Directors' diversity | F25: One gender is under-represented in the board of directors | G25: Create a robust process to search and enroll members of the under-represented gender on the board (e.g. expanding the pool of candidates to non-traditional profiles, pitch adjusted to what candidates of the under-represented gender value) | K25: =IFERROR(VLOOKUP($I25,'Idea prioritization list'!$D$1:$E$3,2,0),0)+IFERROR(VLOOKUP($H25,'Idea prioritization list'!$D$1:$E$3,2,0),0)+IFERROR(VLOOKUP($J25,'Idea prioritization list'!$D$1:$E$3,2,0),0) -> 0
B26: 4.2 Does your organization actively try to add board members of the gender that is under-represented on the board? | C26: ='Assessment answers'!B31 -> 0 | D26: =IF(C26>=3,"Your scored well in this area. Focus your efforts on other problem areas.",IF(AND(C26<3,C26>=2),"You scored below average in this area. We suggest you work on this problem area. Please fill in columns H-J",IF(AND(C26<2,C26>0),"You scored low in this area. We strongly suggest you work on this problem area. Please fill in columns H-J",IF(C26=0,"This area is not applicable for your venture.","")))) -> This area is not applicable for your venture. | E26: 4. Board of Directors' diversity | F26: The organization does not do any specific effort to ensure equal gender representation on the board of directors, nor have objectives to do so | G26: Create a robust process to search and enroll members of the under-represented gender on the board (e.g. expanding the pool of candidates to non-traditional profiles, pitch adjusted to what candidates of the under-represented gender value) | K26: =IFERROR(VLOOKUP($I26,'Idea prioritization list'!$D$1:$E$3,2,0),0)+IFERROR(VLOOKUP($H26,'Idea prioritization list'!$D$1:$E$3,2,0),0)+IFERROR(VLOOKUP($J26,'Idea prioritization list'!$D$1:$E$3,2,0),0) -> 0
B27: 5.1 Does your organization conduct customer research to understand customer preferences and needs in a gender-disaggregated way? | C27: ='Assessment answers'!B33 -> 0 | D27: =IF(C27>=3,"Your scored well in this area. Focus your efforts on other problem areas.",IF(AND(C27<3,C27>=2),"You scored below average in this area. We suggest you work on this problem area. Please fill in columns H-J",IF(AND(C27<2,C27>0),"You scored low in this area. We strongly suggest you work on this problem area. Please fill in columns H-J",IF(C27=0,"This area is not applicable for your venture.","")))) -> This area is not applicable for your venture. | E27: 5. Gender-sensitive product design and market research | F27: The organization does not conduct customer research to understand customer preferences and needs in a gender-disaggregated way | G27: Conduct systematically customer research to understand needs and preferences in a gender-disaggregated way across all producuts/services | K27: =IFERROR(VLOOKUP($I27,'Idea prioritization list'!$D$1:$E$3,2,0),0)+IFERROR(VLOOKUP($H27,'Idea prioritization list'!$D$1:$E$3,2,0),0)+IFERROR(VLOOKUP($J27,'Idea prioritization list'!$D$1:$E$3,2,0),0) -> 0
B28: 5.2 Does your organization take gender-related aspects into consideration in your core product/service development? | C28: ='Assessment answers'!B34 -> 0 | D28: =IF(C28>=3,"Your scored well in this area. Focus your efforts on other problem areas.",IF(AND(C28<3,C28>=2),"You scored below average in this area. We suggest you work on this problem area. Please fill in columns H-J",IF(AND(C28<2,C28>0),"You scored low in this area. We strongly suggest you work on this problem area. Please fill in columns H-J",IF(C28=0,"This area is not applicable for your venture.","")))) -> This area is not applicable for your venture. | E28: 5. Gender-sensitive product design and market research | F28: The organization does not take gender-related aspects into consideration in the core product/service development | G28: Integrate systematically women's and men's specific needs and preferences in the product/service development, looking for new untapped market opportunities | K28: =IFERROR(VLOOKUP($I28,'Idea prioritization list'!$D$1:$E$3,2,0),0)+IFERROR(VLOOKUP($H28,'Idea prioritization list'!$D$1:$E$3,2,0),0)+IFERROR(VLOOKUP($J28,'Idea prioritization list'!$D$1:$E$3,2,0),0) -> 0
B29: 5.3 Does your organization customize the features of your products/services to respond to women’s/men’s specific needs? (e.g. change size, colour, terms and conditions) | C29: ='Assessment answers'!B35 -> 0 | D29: =IF(C29>=3,"Your scored well in this area. Focus your efforts on other problem areas.",IF(AND(C29<3,C29>=2),"You scored below average in this area. We suggest you work on this problem area. Please fill in columns H-J",IF(AND(C29<2,C29>0),"You scored low in this area. We strongly suggest you work on this problem area. Please fill in columns H-J",IF(C29=0,"This area is not applicable for your venture.","")))) -> This area is not applicable for your venture. | E29: 5. Gender-sensitive product design and market research | F29: The organization does not customize the features of the products/services to respond to women’s/men’s specific needs (e.g. change size, colour, terms and conditions) | G29: Try to systematically integrate women's or men's needs and preferences in products/services' features (e.g. change size, color, terms and conditions), in a way that is informed by direct customer input | K29: =IFERROR(VLOOKUP($I29,'Idea prioritization list'!$D$1:$E$3,2,0),0)+IFERROR(VLOOKUP($H29,'Idea prioritization list'!$D$1:$E$3,2,0),0)+IFERROR(VLOOKUP($J29,'Idea prioritization list'!$D$1:$E$3,2,0),0) -> 0
B30: 6.1 Are your organization's marketing materials gender-biased (e.g. mostly targeting one gender or reinforcing traditional gender stereotypes)? | C30: ='Assessment answers'!B37 -> 0 | D30: =IF(C30>=3,"Your scored well in this area. Focus your efforts on other problem areas.",IF(AND(C30<3,C30>=2),"You scored below average in this area. We suggest you work on this problem area. Please fill in columns H-J",IF(AND(C30<2,C30>0),"You scored low in this area. We strongly suggest you work on this problem area. Please fill in columns H-J",IF(C30=0,"This area is not applicable for your venture.","")))) -> This area is not applicable for your venture. | E30: 6. Gender-inclusive marketing and commmunication | F30: The organization is not aware of how its marketing material could be gender-biased | G30: Try consciously to counter gender stereotypes, and appeal to a wide range of aspirations and lifestyles in marketing materials | K30: =IFERROR(VLOOKUP($I30,'Idea prioritization list'!$D$1:$E$3,2,0),0)+IFERROR(VLOOKUP($H30,'Idea prioritization list'!$D$1:$E$3,2,0),0)+IFERROR(VLOOKUP($J30,'Idea prioritization list'!$D$1:$E$3,2,0),0) -> 0
B31: 6.2 If your organization targets customers of all genders, does it have gender-differentiated marketing materials? (e.g. different marketing messages reflecting different reasons for purchase between women and men) | C31: ='Assessment answers'!B38 -> 0 | D31: =IF(C31>=3,"Your scored well in this area. Focus your efforts on other problem areas.",IF(AND(C31<3,C31>=2),"You scored below average in this area. We suggest you work on this problem area. Please fill in columns H-J",IF(AND(C31<2,C31>0),"You scored low in this area. We strongly suggest you work on this problem area. Please fill in columns H-J",IF(C31=0,"This area is not applicable for your venture.","")))) -> This area is not applicable for your venture. | E31: 6. Gender-inclusive marketing and commmunication | F31: Although the organization has customers of all genders, the marketing is targeted mostly at one gender | G31: Consider men's and women's buying habits and preferences when creating marketing materials. When applicable, develop differentiated marketing strategies to appeal to women/men (e.g. adapting message, channels and visuals) | K31: =IFERROR(VLOOKUP($I31,'Idea prioritization list'!$D$1:$E$3,2,0),0)+IFERROR(VLOOKUP($H31,'Idea prioritization list'!$D$1:$E$3,2,0),0)+IFERROR(VLOOKUP($J31,'Idea prioritization list'!$D$1:$E$3,2,0),0) -> 0
B32: 6.3 If your organization targets customers of all genders, does it have a gender-differentiated sales strategy? (e.g. different outreach locations/approaches, differentiated selling points) | C32: ='Assessment answers'!B39 -> 0 | D32: =IF(C32>=3,"Your scored well in this area. Focus your efforts on other problem areas.",IF(AND(C32<3,C32>=2),"You scored below average in this area. We suggest you work on this problem area. Please fill in columns H-J",IF(AND(C32<2,C32>0),"You scored low in this area. We strongly suggest you work on this problem area. Please fill in columns H-J",IF(C32=0,"This area is not applicable for your venture.","")))) -> This area is not applicable for your venture. | E32: 6. Gender-inclusive marketing and commmunication | F32: Although the organization has customers of all genders, the sales efforts are targeted mostly at one gender | G32: Consider men's and women's buying habits and preferences when crafting and implementing the sales strategies (e.g. different outreach locations/approaches, differentiated selling points) | K32: =IFERROR(VLOOKUP($I32,'Idea prioritization list'!$D$1:$E$3,2,0),0)+IFERROR(VLOOKUP($H32,'Idea prioritization list'!$D$1:$E$3,2,0),0)+IFERROR(VLOOKUP($J32,'Idea prioritization list'!$D$1:$E$3,2,0),0) -> 0
B33: 6.4 If your organization targets customers of all genders, does it collect, analyze and act upon your business' impact in a gender-disaggregated way? | C33: ='Assessment answers'!B40 -> 0 | D33: =IF(C33>=3,"Your scored well in this area. Focus your efforts on other problem areas.",IF(AND(C33<3,C33>=2),"You scored below average in this area. We suggest you work on this problem area. Please fill in columns H-J",IF(AND(C33<2,C33>0),"You scored low in this area. We strongly suggest you work on this problem area. Please fill in columns H-J",IF(C33=0,"This area is not applicable for your venture.","")))) -> This area is not applicable for your venture. | E33: 6. Gender-inclusive marketing and commmunication | F33: Although the organization has customers of all genders, it does not collect, analyze and act upon business' impact in a gender-disaggregated way | G33: Collect and analyze systematically gender-disaggregated data in the market and business impact studies, with the view to improve the product/service for all customers | K33: =IFERROR(VLOOKUP($I33,'Idea prioritization list'!$D$1:$E$3,2,0),0)+IFERROR(VLOOKUP($H33,'Idea prioritization list'!$D$1:$E$3,2,0),0)+IFERROR(VLOOKUP($J33,'Idea prioritization list'!$D$1:$E$3,2,0),0) -> 0
B34: 7.1 What proportion (%) of your organization's sales force (both internal and outsourced sales agents/intermediaries) are women? | C34: ='Assessment answers'!B42 -> 0 | D34: =IF(C34>=3,"Your scored well in this area. Focus your efforts on other problem areas.",IF(AND(C34<3,C34>=2),"You scored below average in this area. We suggest you work on this problem area. Please fill in columns H-J",IF(AND(C34<2,C34>0),"You scored low in this area. We strongly suggest you work on this problem area. Please fill in columns H-J",IF(C34=0,"This area is not applicable for your venture.","")))) -> This area is not applicable for your venture. | E34: 7. Diversity in distribution and sales' teams | F34: One gender is under-represented in the sales team | G34: Create a robust process to recruit sales people of the under-represented gender in the sales force (e.g. innovative enrollment approaches, expanding the pool of candidates to non-traditional profiles), and consistently strive to retain them | K34: =IFERROR(VLOOKUP($I34,'Idea prioritization list'!$D$1:$E$3,2,0),0)+IFERROR(VLOOKUP($H34,'Idea prioritization list'!$D$1:$E$3,2,0),0)+IFERROR(VLOOKUP($J34,'Idea prioritization list'!$D$1:$E$3,2,0),0) -> 0
B35: 7.2 Does your organization actively try to recruit and retain sales people of the gender that is under-represented in your sales force? | C35: ='Assessment answers'!B43 -> 0 | D35: =IF(C35>=3,"Your scored well in this area. Focus your efforts on other problem areas.",IF(AND(C35<3,C35>=2),"You scored below average in this area. We suggest you work on this problem area. Please fill in columns H-J",IF(AND(C35<2,C35>0),"You scored low in this area. We strongly suggest you work on this problem area. Please fill in columns H-J",IF(C35=0,"This area is not applicable for your venture.","")))) -> This area is not applicable for your venture. | E35: 7. Diversity in distribution and sales' teams | F35: The organization does not make any specific effort to ensure equal gender representation in the sales force, nor have objectives to do so | G35: Create a robust process to recruit sales people of the under-represented gender in the sales force (e.g. innovative enrollment approaches, expanding the pool of candidates to non-traditional profiles), and consistently strive to retain them | K35: =IFERROR(VLOOKUP($I35,'Idea prioritization list'!$D$1:$E$3,2,0),0)+IFERROR(VLOOKUP($H35,'Idea prioritization list'!$D$1:$E$3,2,0),0)+IFERROR(VLOOKUP($J35,'Idea prioritization list'!$D$1:$E$3,2,0),0) -> 0
B36: 7.3 Does your organization have special policies to ensure that sales people can perform their job safely and productively considering gender-specific issues? (e.g. transportation at night, cash management policies) | C36: ='Assessment answers'!B44 -> 0 | D36: =IF(C36>=3,"Your scored well in this area. Focus your efforts on other problem areas.",IF(AND(C36<3,C36>=2),"You scored below average in this area. We suggest you work on this problem area. Please fill in columns H-J",IF(AND(C36<2,C36>0),"You scored low in this area. We strongly suggest you work on this problem area. Please fill in columns H-J",IF(C36=0,"This area is not applicable for your venture.","")))) -> This area is not applicable for your venture. | E36: 7. Diversity in distribution and sales' teams | F36: There are no policies to ensure that sales people can perform their job safely and productively considering gender-specific issues | G36: Design a robust process to ensure the productivity and safety of the sales force considering gender-specific issues, and seek to improve their working conditions based on continuous feedback and suggestions | K36: =IFERROR(VLOOKUP($I36,'Idea prioritization list'!$D$1:$E$3,2,0),0)+IFERROR(VLOOKUP($H36,'Idea prioritization list'!$D$1:$E$3,2,0),0)+IFERROR(VLOOKUP($J36,'Idea prioritization list'!$D$1:$E$3,2,0),0) -> 0
B37: 8.1 Does your organization collect, analyze and act upon gender-disaggregated customer data (e.g. customer satisfaction by gender) to better understand and serve your customers? | C37: ='Assessment answers'!B46 -> 0 | D37: =IF(C37>=3,"Your scored well in this area. Focus your efforts on other problem areas.",IF(AND(C37<3,C37>=2),"You scored below average in this area. We suggest you work on this problem area. Please fill in columns H-J",IF(AND(C37<2,C37>0),"You scored low in this area. We strongly suggest you work on this problem area. Please fill in columns H-J",IF(C37=0,"This area is not applicable for your venture.","")))) -> This area is not applicable for your venture. | E37: 8. Gender-sensitive customer service | F37: The organization's customer data is not disaggregated by gender | G37: Collect and analyze systematically gender-disaggregated customer data, with the view to provide a better customer service | K37: =IFERROR(VLOOKUP($I37,'Idea prioritization list'!$D$1:$E$3,2,0),0)+IFERROR(VLOOKUP($H37,'Idea prioritization list'!$D$1:$E$3,2,0),0)+IFERROR(VLOOKUP($J37,'Idea prioritization list'!$D$1:$E$3,2,0),0) -> 0
B38: 9.1 If your organization works with strategic suppliers (eg. a farmer cooperative for a food producer, small artisans for a handicraft retailer), what proportion (%) of these suppliers are women or women-led organizations? | C38: ='Assessment answers'!B48 -> 0 | D38: =IF(C38>=3,"Your scored well in this area. Focus your efforts on other problem areas.",IF(AND(C38<3,C38>=2),"You scored below average in this area. We suggest you work on this problem area. Please fill in columns H-J",IF(AND(C38<2,C38>0),"You scored low in this area. We strongly suggest you work on this problem area. Please fill in columns H-J",IF(C38=0,"This area is not applicable for your venture.","")))) -> This area is not applicable for your venture. | E38: 9. Gender-inclusive selection of strategic suppliers | F38: One gender is under-represented in the team and/or leadership of the organization's strategic suppliers | G38: Track systematically various gender indicators (eg. gender mainstreaming policies implemented) and consider those in the selection | K38: =IFERROR(VLOOKUP($I38,'Idea prioritization list'!$D$1:$E$3,2,0),0)+IFERROR(VLOOKUP($H38,'Idea prioritization list'!$D$1:$E$3,2,0),0)+IFERROR(VLOOKUP($J38,'Idea prioritization list'!$D$1:$E$3,2,0),0) -> 0
B39: 9.2 If your organization works with strategic suppliers, does your organization track the level of commitment to gender inclusion of its strategic suppliers? | C39: ='Assessment answers'!B49 -> 0 | D39: =IF(C39>=3,"Your scored well in this area. Focus your efforts on other problem areas.",IF(AND(C39<3,C39>=2),"You scored below average in this area. We suggest you work on this problem area. Please fill in columns H-J",IF(AND(C39<2,C39>0),"You scored low in this area. We strongly suggest you work on this problem area. Please fill in columns H-J",IF(C39=0,"This area is not applicable for your venture.","")))) -> This area is not applicable for your venture. | E39: 9. Gender-inclusive selection of strategic suppliers | F39: The organization does not track the level of commitment to gender inclusion of its strategic suppliers | G39: Track systematically various gender indicators (eg. gender mainstreaming policies implemented) and consider those in the selection | K39: =IFERROR(VLOOKUP($I39,'Idea prioritization list'!$D$1:$E$3,2,0),0)+IFERROR(VLOOKUP($H39,'Idea prioritization list'!$D$1:$E$3,2,0),0)+IFERROR(VLOOKUP($J39,'Idea prioritization list'!$D$1:$E$3,2,0),0) -> 0
B40: 9.3 If your organization works with strategic suppliers, does it actively try to select suppliers that are committed to gender inclusion (e.g. have a gender-balanced workforce, gender mainstreaming policies)? | C40: ='Assessment answers'!B50 -> 0 | D40: =IF(C40>=3,"Your scored well in this area. Focus your efforts on other problem areas.",IF(AND(C40<3,C40>=2),"You scored below average in this area. We suggest you work on this problem area. Please fill in columns H-J",IF(AND(C40<2,C40>0),"You scored low in this area. We strongly suggest you work on this problem area. Please fill in columns H-J",IF(C40=0,"This area is not applicable for your venture.","")))) -> This area is not applicable for your venture. | E40: 9. Gender-inclusive selection of strategic suppliers | F40: The organization does not make any specific effort to ensure that its strategic suppliers are committed to gender inclusion, nor have objectives to do so | G40: Create a robust process to find strategic suppliers who are committed to gender inclusion (e.g. expanding the pool of suppliers) and attract them (e.g. adjusting the pitch) | K40: =IFERROR(VLOOKUP($I40,'Idea prioritization list'!$D$1:$E$3,2,0),0)+IFERROR(VLOOKUP($H40,'Idea prioritization list'!$D$1:$E$3,2,0),0)+IFERROR(VLOOKUP($J40,'Idea prioritization list'!$D$1:$E$3,2,0),0) -> 0
B41: 9.4 If your organization works with strategic suppliers, does it track their performance in a gender-disaggregated way? | C41: ='Assessment answers'!B51 -> 0 | D41: =IF(C41>=3,"Your scored well in this area. Focus your efforts on other problem areas.",IF(AND(C41<3,C41>=2),"You scored below average in this area. We suggest you work on this problem area. Please fill in columns H-J",IF(AND(C41<2,C41>0),"You scored low in this area. We strongly suggest you work on this problem area. Please fill in columns H-J",IF(C41=0,"This area is not applicable for your venture.","")))) -> This area is not applicable for your venture. | E41: 9. Gender-inclusive selection of strategic suppliers | F41: The supplier performance data is not disaggregated by gender | G41: Collect and analyze systematically gender-disaggregated data on supplier performance, with the view to improve the selection of strategic suppliers | K41: =IFERROR(VLOOKUP($I41,'Idea prioritization list'!$D$1:$E$3,2,0),0)+IFERROR(VLOOKUP($H41,'Idea prioritization list'!$D$1:$E$3,2,0),0)+IFERROR(VLOOKUP($J41,'Idea prioritization list'!$D$1:$E$3,2,0),0) -> 0
B42: 10.1 If your organization works with strategic suppliers, does it offer them trainings focused on gender issues? | C42: ='Assessment answers'!B53 -> 0 | D42: =IF(C42>=3,"Your scored well in this area. Focus your efforts on other problem areas.",IF(AND(C42<3,C42>=2),"You scored below average in this area. We suggest you work on this problem area. Please fill in columns H-J",IF(AND(C42<2,C42>0),"You scored low in this area. We strongly suggest you work on this problem area. Please fill in columns H-J",IF(C42=0,"This area is not applicable for your venture.","")))) -> This area is not applicable for your venture. | E42: 10. Gender-sensitive training of strategic suppliers | F42: The organization does not offer gender-specific training to strategic suppliers | G42: Design a dedicated supplier training on gender issues, and offer it systematically to all strategic suppliers | K42: =IFERROR(VLOOKUP($I42,'Idea prioritization list'!$D$1:$E$3,2,0),0)+IFERROR(VLOOKUP($H42,'Idea prioritization list'!$D$1:$E$3,2,0),0)+IFERROR(VLOOKUP($J42,'Idea prioritization list'!$D$1:$E$3,2,0),0) -> 0
B43: 10.2 If your organization works with strategic suppliers, does it offer gender-differentiated trainings based on gender-related specific needs and preferences? | C43: ='Assessment answers'!B54 -> 0 | D43: =IF(C43>=3,"Your scored well in this area. Focus your efforts on other problem areas.",IF(AND(C43<3,C43>=2),"You scored below average in this area. We suggest you work on this problem area. Please fill in columns H-J",IF(AND(C43<2,C43>0),"You scored low in this area. We strongly suggest you work on this problem area. Please fill in columns H-J",IF(C43=0,"This area is not applicable for your venture.","")))) -> This area is not applicable for your venture. | E43: 10. Gender-sensitive training of strategic suppliers | F43: The organization provides the same training opportunties to all of its strategic suppliers, regardless of their gender | G43: Offer systematically gender-differentiated training opportunities to strategic suppliers, in order to address gender-specific needs and preferences | K43: =IFERROR(VLOOKUP($I43,'Idea prioritization list'!$D$1:$E$3,2,0),0)+IFERROR(VLOOKUP($H43,'Idea prioritization list'!$D$1:$E$3,2,0),0)+IFERROR(VLOOKUP($J43,'Idea prioritization list'!$D$1:$E$3,2,0),0) -> 0

Sheet Idea prioritization list
D1: High | E1: 3
A2: 1. Gender-balanced hiring | D2: Medium | E2: 2 | H2: Yes
A3: 2. Gender-balanced promotion and retention | D3: Low | E3: 1 | H3: No
A4: 3. Gender sensitive HR policies and practices | H4: Maybe
A5: 4. Board of Directors' diversity
A6: 5. Gender-sensitive product design and market research
A7: 6. Gender-inclusive marketing and commmunication
A8: 7. Diversity in distribution and sales' teams
A9: 8. Gender-sensitive customer service
A10: 9. Gender-inclusive selection of strategic suppliers
A11: 10. Gender-sensitive training of strategic suppliers
A12: Overall
A14: Section 1: Gender-balanced hiring
A15: Section 2: Gender-balanced promotion and retention
A16: Section 3: Gender-sensitive HR policies and practices
A17: Section 4: Board of Directors' diversity
... A24: Total

Sheet M2 - Library of resources
B1: LIBRARY OF RESOURCES
B2: Objective: Learn more about how gender bias affects different areas and topics within organizations, the benefits of gender inclusion, best practices, and examples of how other organizations have tackled these topics. Instructions: The library is organized into 10 topics, grouped in 3 broad areas of an organization's functioning. For each topic, you can find: - LeFil's all-in-one resource: our must-read! A comprehensive yet concise summary of everything you need to know about the topic, including a “step-by-step guide” outlining how to approach it, best practices, tips, expected benefits, suggested metrics to track, and one or more case studies showcasing ventures that successfully enhanced their strategies in that area - External resources: additional readings from third-party sources, to explore the topic further and from multiple perspectives. These are further organized into Introductory readings (briefs and articles that provide an overview of the topic), Knowledge pieces (longer reads that provide deeper insights, knowledge and guidance on the topic), and Case studies (relevant real-world examples and best practices related to the topic). Notes: - The external resources come from a variety of third-party sources. Although we have carefully curated the selection with quality content from reputable sources, the views and opinions expressed in each resource are solely those of the original authors and do not necessarily reflect the views or positions of LeFil Consulting. - While we strive to keep the library of external resources up to date, we are not responsible for changes or removal of content by the original authors. If you come across an issue with one of the resources included in this library (e.g. link that no longer works), please let us know at gender@lefilconsulting.com.
B4: Nr | C4: Area | D4: Topic | E4: LeFil's all-in-one resource | F4: External resources
F5: Introductory resources | G5: Knowledge pieces | H5: Case studies
B6: Introduction on gender bias | E6: N/A | F6: Overview of bias against women | G6: What is gender bias at the workplace | H6: Unconscious gender bias in the workplace: what it is, what it does and what to do about it
G7: Women empowerment principles: equality means business
B9: 1 | C9: Staff and leadership diversity | D9: Gender-balanced hiring | E9: Resource #1 | F9: EBRD - Gender Equality Works (video) | G9: Gender balance and inclusive cultures. A guide for CEOs | H9: Winning the fight for female talent. How to gain the diversity edge through inclusive recruitment > Driving Inclusive Recruitment through a series of interventions (p. 12) > Adopting a targeted female attraction strategy (p. 22)
F10: 7 steps to promote gender equality in recruiting and hiring | G10: Guide to gender diversity in employment: employer's guide - Recruitment, selection, hiring, promotion and training checklist (p.12) | H10: Supporting early-stage ventures in Sub-Saharan Africa with gender inclusion: A gender lens investing pilot > How to recruit with an inclusive lens: Viamo, Global (p. 16)
F11: The business case for diversity in the workplace is now overwhelming | G11: Delivering through diversity | H11: How Duolingo achieved a 50:50 gender ratio for new software engineer hires
B12: 2 | D12: Gender-balanced promotion and retention | E12: Resource #2 | F12: 13 ways to advance gender equity by prioritizing women in executive roles | G12: Women and the labyrinth of leadership | H12: Case study Capgemini: women's leadership development at a global scale
F13: Six strategies to help retain female talent moving forward | H13: Case study Banco Santander: shifting culture to boost gender equality
B14: 3 | D14: Gender sensitive HR policies and practices | E14: Resource #3 | F14: How to create a gender-inclusive workplace | G14: SheWorks: putting gender-smart commitments into practice (IFC) | H14: Understanding the business case for gender equality in the workplace > Case studies of businesses seeking gender equality in Egypt and Palestine (p. 13)
F15: Equal pay counts: what companies can do | G15: Empowering women at work: company policies and practices for gender equality | H15: Advancing gender equality in Africa's off-grid sector - Power Africa
F16: Why paid family leave is good business | G16: The case for equal parental leave: A toolkit for practitioners covering why this policy matters, and how to effectively implement it | H16: Bain & Company: Equalising parental leave
F17: I'm a gay CEO, and this is why parental leave will promote gender equality
F18: How employers can support caregivers coping with increased responsibilities | G18: Work and family: Creating a family-friendly workplace | H18: Case study Banco Bilbao Vizcaya Argentaria (BBVA): levelling the playing field for women in the workplace
F19: In their own words: Why flexible work matters | H19: Case study: Flexible work reduces the gender pay gap and saves money
F20: Supporting women breastfeeding at work: what can employers do? | G20: Breastfeeding support: A practical guide for employers to create breastfeeding-friendly workplaces | H20: Investing in workplace breastfeeding programs and policies > Employer case studies (p. 21)
E21: Resource #3.1 | F21: How businesses can take the lead in combatting gender-based violence | G21: Write and implement a workplace policy for prevention of sexual harassment | H21: Developing a workplace sexual harassment policy: Lessons from Engendering Industries’ partner, Eko Electricity Distribution Company, in Nigeria
B22: 4 | D22: Board of Directors' diversity | E22: Resource #4 | F22: 5 ways to get more women on Boards | G22: Optimizing board effectiveness with gender diversity: are quotas the answer? | H22: Board diversity case study: A tailored program to get more women on Canadian corporate boards [requires free registration]
H23: Case study Relx: improving the gender balance on boards and leadership
B25: 5 | C25: Gender inclusive product or service | D25: Gender-sensitive market research and product design | E25: Resource #5 | F25: Why ignoring women ist costing financial services money | G25: Gender dimensions of product design | H25: Women and social enterprises: how gender integration can boost entrepreneurial solutions to poverty
F26: One more way the startup world hampers women entrepreneurs | G26: Managing the next decade of women's wealth
B27: 6 | D27: Gender-inclusive marketing and commmunications | E27: Resource #6 | F27: Communications & gender check-list: Things to consider | G27: Gender-lens marketing: driving lasting change by championing women | H27: Unilever: Transforming our brand, transforming our advertising
B28: 7 | D28: Diversity in distribution and sales' teams | E28: Resource #7 | F28: Why more women should be part of your sales team | G28: 2019 state of gender equality in sales | H28: Women entrepreneurs light the way for solar products in India
F29: Why we need more women in sales | G29: Closing the gender gap in sales leadership
B30: 8 | D30: Gender-sensitive customer service | E30: Resource #8 | F30: Fighting bias on the front lines | G30: A business-first approach to gender inclusion: how to think about gender inclusion in small and medium enterprise operations - Tool #4 Customer Care (p. 30) | H30: Case studies in gender integration: Market-based solutions in Cambodia
B32: 9 | C32: Diversity and equity in the supply chain | D32: Gender-inclusive selection of strategic suppliers | E32: Resource #9 | F32: Female workforces can revolutionize Latin American business. Here's how | G32: Improving opportunities for women in smallholder-based supply chains | H32: Case study Ganni: creating gender equality in fashion
F33: Breaking the glass ceiling for women-led businesses in public procurement: fairness and inclusion through open contracting | G33: Tool suite 2: Women-owned businesses and the supply chain
G34: Supplier diversity best practices
B35: 10 | D35: Gender-sensitive training of strategic suppliers | E35: Resource #10 | F35: Supplier diversity best practice | G35: Women-owned businesses and the supply chain | H35: Boyner Group's supply chain strenghtens women in business

Sheet M3 - Initiative template
N1: INITIATIVE TEMPLATE | Y1: REPORTING TEMPLATE
N2: Objective: Identify all elements needed to implement your gender initiative successfully by filling in all clear blue cells. Instructions: 1) Give a name to your initiative. Then, choose the type and the area of intervention from the dropdown selection. 2) Describe the gap you are trying to solve and your objective. 3) Review the activities needed to implement your intervention and for each of them, add comments, timeline and internal resources needed. 4) See the KPIs that are relevant to your type and area of intervention. If you consider that other KPIs would be more relevant for your intervention, you can modify the selection by writing 'Yes' or 'No' in column P. 5) Complete each relevant KPI with your measurement methodology, baseline, target and timeline. You will find a target benchmark in column T. 6) Report the progress of your initiative in columns Y to AK. Note: The word "women" is used to designate persons who identify as women, and the word "men" to designate persons who identify as men.
N4: Name of the organization
N5: Date
N7: Name of Initiative 1 | O7: Find a nice short name that summarizes what you want to achieve with this initiative | Y7: Intermediary report | AF7: Final report
N9: Type of intervention | O9: Select the focus of your intervention from the drop-down list | Y9: Date of report | AF9: Date of report
N10: Area of intervention | O10: Select the area of intervention from the drop-down list (note: if you don't see any option in the drop-down, select a type of intervention first) | Y10: Qualitative update | Z10: Provide a brief summary of the progress, successes and challenges encountered during the implementation of the initiative | AF10: Qualitative update | AG10: Provide a brief summary of the progress, successes and challenges encountered during the implementation of the initiative
N11: Gap | O11: Describe and explain in detail which (gender) gap you aim to solve with your initiative. Put it in the context of your organization. You should also mention why it is an important gap for your organization, how it affects you and what are the probable causes for it. The description of the gap should be tangible, so do not forget to include numbers! | Y11: Impact on the organization | Z11: Briefly describe the organization's journey along their gender mainstreaming journey (e.g., what did they learn, what else do they want to do, how important has gender become to them, etc.), if any. Here we want to understand if the implementation of the initiative changed anything for the team beyond the KPIs measured for the initiative - in terms of mindset, culture, approach, priorities, etc. | AF11: Impact on the organization | AG11: Briefly describe the organization's journey along their gender mainstreaming journey (e.g., what did they learn, what else do they want to do, how important has gender become to them, etc.), if any. Here we want to understand if the implementation of the initiative changed anything for the team beyond the KPIs measured for the initiative - in terms of mindset, culture, approach, priorities, etc.
N12: Objective | O12: Describe what you want to achieve, what is the targeted outcome and impact of your initiative, be it internal or external | Y12: Impact on the target context | Z12: Provide a brief description (qualitative and, if possible, quantitative) of the impact that the activities and intervention carried out have had on the gender equality situation in the target context, if any. Here we want to capture the actual impact the initiative had with the end-users/ clients/ suppliers/ partners, etc. | AF12: Impact on the target context | AG12: Provide a brief description (qualitative and, if possible, quantitative) of the impact that the activities and intervention carried out have had on the gender equality situation in the target context, if any. Here we want to capture the actual impact the initiative had with the end-users/ clients/ suppliers/ partners, etc.
N14: Planned activity | O14: Comments on the activities | P14: Planned timeline (start - end) | Q14: Planned internal resources needed for activity | R14: TA deliverable | Y14: Actual activity | Z14: Real timeline (beginning - end) | AA14: Actual external expenses | AB14: Comments on activities | AC14: Comments on timeline | AD14: Comments on expenditures | AF14: Actual activity | AG14: Real timeline (beginning - end) | AH14: Actual external expenses | AI14: Comments on activities | AJ14: Comments on timeline | AK14: Comments on expenditures
N15: Below is a list of essential activities required to implement the proposed intervention. These activities, ranging from 3 to 5 in total, outline the necessary steps for successful implementation. The process begins with an initial assessment to understand the root causes of the problem and, if necessary, collect baseline data that may be missing. The final step in the action plan typically involves a data collection process and reporting of the outcomes of the initiative | O15: If necessary, please add any comments regarding the activity on the left to clarify important details or highlight any differences from the suggested activity | P15: Write starting MM/YY and ending MM/YY | Q15: Internal resources refer to the resources that your organization has in-house, such as the time and expertise of employees. For each resource, please provide an estimation of the number of days needed by the relevant team to complete their tasks. There is no need to estimate costs at this stage | R15: This column specifies the type of TA (Technical Assistance) deliverable that shall be provided by the external gender consultant/expert to demonstrate the achievement of the activity | AB15: Explain any deviations from the work plan in terms of activities (different approach, new/deleted activities, etc.) | AC15: Explain any deviations from the planned timeline. In case of delays, explain the reason for the delay and clarify the impact on future activities (e.g., the entire schedule is shifted X months, or the delay will be made up, etc.) | AD15: Explain any deviations from budget | AI15: Explain any deviations from the work plan in terms of activities (different approach, new/deleted activities, etc.) | AJ15: Explain any deviations from the planned timeline. In case of delays, explain the reason for the delay and clarify the impact on future activities (e.g., the entire schedule is shifted X months, or the delay will be made up, etc.) | AK15: Explain any deviations from budget
N16: ='Gender initiative list'!I1 | R16: ='Gender initiative list'!K1
N17: ='Gender initiative list'!I2 | R17: ='Gender initiative list'!K2
N18: ='Gender initiative list'!I3 | R18: ='Gender initiative list'!K3
N19: ='Gender initiative list'!I4 | R19: ='Gender initiative list'!K4
N20: ='Gender initiative list'!I5 | R20: ='Gender initiative list'!K5
N22: KPI | O22: Type of KPI | P22: Relevant for your intervention? | Q22: Measurement methodology | R22: Baseline | S22: Target | T22: Benchmark | U22: Target timeline | V22: Comments | W22: Evidence | Y22: Actual results | Z22: Comments | AA22: % change with respect to baseline | AF22: Actual results | AG22: Comments | AH22: % change with respect to baseline
P23: The tool will automatically suggests relevant KPIs based on the type and area of intervention you selected above, but you can also manually add or remove KPIs based on your specific intervention | Q23: Clarify how you will measure this KPI. Do you already have data or do you need to gather it (e.g. through a survey/ review)? | R23: Enter the current value of this KPI. Clarify unit and amount. If you don't have this information, write TBD for now and make sure your first activity in your activity plan is about getting the baseline. Remember to update it once you have measured the baseline | S23: What value do you want to achieve for this KPI? The target is an objective for you to work towards. It may take you more or less time to achieve it. Put an ambitious yet realistic one | T23: These values are based on the average improvement obtained by social ventures. You can can use them as guidance/reference when setting your targeted % improvement. If you see "NA", it means a benchmark is not availabe for this KPI | U23: By when do you plan to reach that target, in MM/YY? | V23: Add any information about what specifically you will measure, especially if a survey, review or interviews are required | W23: This column indicates what type of proof or documentation must be provided to demonstrate the achievement of the KPI
S24: If you don't know the baseline yet, enter the targeted % improvement for now, and once you have the basline, update it to the actual end value targeted | T24: Note: please, do not modify values in this column
C25: Gender-balanced hiring | D25: Gender-balanced promotion and retention | E25: Gender-sensitive HR policies and practicies | F25: Board of Director's diversity | G25: Gender-sensistive product design and market research | H25: Gender-inclusive marketing and communication | I25: Diversity in distribution and sales' team | J25: Gender-sensitive customer service | K25: Gender-inclusive selection of strategic suppliers | L25: Gender-sensitive training of strategic suppliers | N25: Standardized metrics
C26: Gender-balanced hiring | D26: Gender-balanced promotion and retention | E26: Gender-sensitive HR policies and practicies | I26: Diversity in distribution and sales' team | N26: Proportion of women in your organisation’s staff (%) | O26: Business performance | P26: =IF(OR(C26=$P$10,D26=$P$10,E26=$P$10,F26=$P$10,G26=$P$10,H26=$P$10,I26=$P$10,J26=$P$10,K26=$P$10,L26=$P$10),"Yes","No") -> Yes | T26: 0.42
C27: Gender-balanced hiring | D27: Gender-balanced promotion and retention | E27: Gender-sensitive HR policies and practicies | I27: Diversity in distribution and sales' team | N27: Proportion of men in your organisation’s staff (%) | O27: Business performance | P27: =IF(OR(C27=$P$10,D27=$P$10,E27=$P$10,F27=$P$10,G27=$P$10,H27=$P$10,I27=$P$10,J27=$P$10,K27=$P$10,L27=$P$10),"Yes","No") -> Yes | T27: NA
C28: Gender-balanced hiring | D28: Gender-balanced promotion and retention | N28: Proportion of women in your organisation’s leadership (%) | O28: Business performance | P28: =IF(OR(C28=$P$10,D28=$P$10,E28=$P$10,F28=$P$10,G28=$P$10,H28=$P$10,I28=$P$10,J28=$P$10,K28=$P$10,L28=$P$10),"Yes","No") -> Yes | T28: 0.38
C29: Gender-balanced hiring | D29: Gender-balanced promotion and retention | N29: Proportion of men in your organisation’s leadership (%) | O29: Business performance | P29: =IF(OR(C29=$P$10,D29=$P$10,E29=$P$10,F29=$P$10,G29=$P$10,H29=$P$10,I29=$P$10,J29=$P$10,K29=$P$10,L29=$P$10),"Yes","No") -> Yes | T29: NA
D30: Gender-balanced promotion and retention | N30: Gender-disaggregated staff turnover rate in your organisation (number of women or men leaving the organization during the year / number of women or men employees at the beginning of the year) | O30: Business performance | P30: =IF(OR(C30=$P$10,D30=$P$10,E30=$P$10,F30=$P$10,G30=$P$10,H30=$P$10,I30=$P$10,J30=$P$10,K30=$P$10,L30=$P$10),"Yes","No") -> Yes | T30: NA
D31: Gender-balanced promotion and retention | N31: Leadership turnover rate (women and men) in your organisation (number of women or men managers leaving the organization during the year / number of women or men leaders at the beginning of that year) | O31: Business performance | P31: =IF(OR(C31=$P$10,D31=$P$10,E31=$P$10,F31=$P$10,G31=$P$10,H31=$P$10,I31=$P$10,J31=$P$10,K31=$P$10,L31=$P$10),"Yes","No") -> Yes | T31: NA
C32: Gender-balanced hiring | D32: Gender-balanced promotion and retention | E32: Gender-sensitive HR policies and practicies | G32: Gender-sensistive product design and market research | I32: Diversity in distribution and sales' team | N32: Proportion of staff (very) satisfied with work in your organisation (%) | O32: Social impact | P32: =IF(OR(C32=$P$10,D32=$P$10,E32=$P$10,F32=$P$10,G32=$P$10,H32=$P$10,I32=$P$10,J32=$P$10,K32=$P$10,L32=$P$10),"Yes","No") -> Yes | T32: 0.82
C33: Gender-balanced hiring | D33: Gender-balanced promotion and retention | G33: Gender-balanced promotion and retention | H33: Gender-inclusive marketing and communication | I33: Diversity in distribution and sales' team | J33: Gender-sensitive customer service | L33: Gender-sensitive training of strategic suppliers | N33: Proportion of your organisation’s staff trained in gender mainstreaming (%) | O33: Social impact | P33: =IF(OR(C33=$P$10,D33=$P$10,E33=$P$10,F33=$P$10,G33=$P$10,H33=$P$10,I33=$P$10,J33=$P$10,K33=$P$10,L33=$P$10),"Yes","No") -> Yes | T33: 0.59
F34: Board of Director's diversity | N34: Proportion of women on your organisation's Board of Directors (%) | O34: Business performance | P34: =IF(OR(C34=$P$10,D34=$P$10,E34=$P$10,F34=$P$10,G34=$P$10,H34=$P$10,I34=$P$10,J34=$P$10,K34=$P$10,L34=$P$10),"Yes","No") -> Yes | T34: NA
F35: Board of Director's diversity | N35: Proportion of men on your organisation's Board of Directors (%) | O35: Business performance | P35: =IF(OR(C35=$P$10,D35=$P$10,E35=$P$10,F35=$P$10,G35=$P$10,H35=$P$10,I35=$P$10,J35=$P$10,K35=$P$10,L35=$P$10),"Yes","No") -> Yes | T35: NA
F36: Board of Director's diversity | N36: Proportion of your organisation’s Board members (very) satisfied with the functioning and effectiveness of the Board (%)* | O36: Social impact | P36: =IF(OR(C36=$P$10,D36=$P$10,E36=$P$10,F36=$P$10,G36=$P$10,H36=$P$10,I36=$P$10,J36=$P$10,K36=$P$10,L36=$P$10),"Yes","No") -> Yes | T36: 1
C37: Gender-balanced hiring | F37: Board of Director's diversity | G37: Gender-sensistive product design and market research | H37: Gender-inclusive marketing and communication | I37: Diversity in distribution and sales' team | J37: Gender-sensitive customer service | K37: Gender-inclusive selection of strategic suppliers | L37: Gender-sensitive training of strategic suppliers | N37: Annual growth rate in earned revenue of your organisation ((this year's earned revenue - last year's earned revenue) / last year's earned revenue)* | O37: Business performance | P37: =IF(OR(C37=$P$10,D37=$P$10,E37=$P$10,F37=$P$10,G37=$P$10,H37=$P$10,I37=$P$10,J37=$P$10,K37=$P$10,L37=$P$10),"Yes","No") -> Yes | T37: 0.71
G38: Gender-sensistive product design and market research | H38: Gender-inclusive marketing and communication | I38: Diversity in distribution and sales' team | L38: Gender-sensitive training of strategic suppliers | N38: Annual percentage increase in the number of end users or beneficiaries served by your organisation ((this year's nb of end users or beneficiaries - last year's nb of end users or beneficiaries) / last year's nb of end users or beneficiaries)* | O38: Business performance | P38: =IF(OR(C38=$P$10,D38=$P$10,E38=$P$10,F38=$P$10,G38=$P$10,H38=$P$10,I38=$P$10,J38=$P$10,K38=$P$10,L38=$P$10),"Yes","No") -> Yes | T38: 0.81
G39: Gender-sensistive product design and market research | H39: Gender-inclusive marketing and communication | I39: Diversity in distribution and sales' team | L39: Gender-sensitive training of strategic suppliers | N39: Proportion of women among customers/ users/ end beneficiaries served by your organisation (%) | O39: Business performance | P39: =IF(OR(C39=$P$10,D39=$P$10,E39=$P$10,F39=$P$10,G39=$P$10,H39=$P$10,I39=$P$10,J39=$P$10,K39=$P$10,L39=$P$10),"Yes","No") -> Yes | T39: 0.4
G40: Gender-sensistive product design and market research | H40: Gender-inclusive marketing and communication | I40: Diversity in distribution and sales' team | L40: Gender-sensitive training of strategic suppliers | N40: Proportion of men among customers/ users/ end beneficiaries served by your organisation (%) | O40: Business performance | P40: =IF(OR(C40=$P$10,D40=$P$10,E40=$P$10,F40=$P$10,G40=$P$10,H40=$P$10,I40=$P$10,J40=$P$10,K40=$P$10,L40=$P$10),"Yes","No") -> Yes | T40: NA
G41: Gender-sensistive product design and market research | J41: Gender-sensitive customer service | L41: Gender-sensitive training of strategic suppliers | N41: Proportion of customers/ users/ end beneficiaries (very) satisfied with your organisations’ product/ service (%)* | O41: Social impact | P41: =IF(OR(C41=$P$10,D41=$P$10,E41=$P$10,F41=$P$10,G41=$P$10,H41=$P$10,I41=$P$10,J41=$P$10,K41=$P$10,L41=$P$10),"Yes","No") -> Yes | T41: 0.81
G42: Gender-sensistive product design and market research | H42: Gender-inclusive marketing and communication | J42: Gender-sensitive customer service | L42: Gender-sensitive training of strategic suppliers | N42: Proportion of women customers/ users/ end beneficiaries of your organisation who feel (very) empowered by your product/ service (%) | O42: Social impact | P42: =IF(OR(C42=$P$10,D42=$P$10,E42=$P$10,F42=$P$10,G42=$P$10,H42=$P$10,I42=$P$10,J42=$P$10,K42=$P$10,L42=$P$10),"Yes","No") -> Yes | T42: 0.62
G43: Gender-sensistive product design and market research | H43: Gender-inclusive marketing and communication | L43: Gender-sensitive training of strategic suppliers | N43: Proportion of men customers/ users/ end beneficiaries of your organisation who feel (very) empowered by your product/ service (%) | O43: Social impact | P43: =IF(OR(C43=$P$10,D43=$P$10,E43=$P$10,F43=$P$10,G43=$P$10,H43=$P$10,I43=$P$10,J43=$P$10,K43=$P$10,L43=$P$10),"Yes","No") -> Yes | T43: 0.62
K44: Gender-inclusive selection of strategic suppliers | L44: Gender-sensitive training of strategic suppliers | N44: Proportion of your organisations’ strategic suppliers achieving better gender inclusion and diversity among their teams, leadership, or Boards of Directors (%)* | O44: Social impact | P44: =IF(OR(C44=$P$10,D44=$P$10,E44=$P$10,F44=$P$10,G44=$P$10,H44=$P$10,I44=$P$10,J44=$P$10,K44=$P$10,L44=$P$10),"Yes","No") -> Yes | T44: 0.43
L45: Gender-sensitive training of strategic suppliers | N45: Proportion of your organisation’s strategic suppliers trained to better achieve gender inclusion and diversity (%)* | O45: Social impact | P45: =IF(OR(C45=$P$10,D45=$P$10,E45=$P$10,F45=$P$10,G45=$P$10,H45=$P$10,I45=$P$10,J45=$P$10,K45=$P$10,L45=$P$10),"Yes","No") -> Yes | T45: 0.31
K46: Gender-inclusive selection of strategic suppliers | L46: Gender-sensitive training of strategic suppliers | N46: Proportion of your organisation’s strategic partners achieving better gender inclusion and diversity among their staff, leadership, or Boards of Directors (%) | O46: Social impact | P46: =IF(OR(C46=$P$10,D46=$P$10,E46=$P$10,F46=$P$10,G46=$P$10,H46=$P$10,I46=$P$10,J46=$P$10,K46=$P$10,L46=$P$10),"Yes","No") -> Yes | T46: NA
L47: Gender-sensitive training of strategic suppliers | N47: Proportion of your organisation’s strategic partners trained to better achieve gender inclusion and diversity (%) | O47: Social impact | P47: =IF(OR(C47=$P$10,D47=$P$10,E47=$P$10,F47=$P$10,G47=$P$10,H47=$P$10,I47=$P$10,J47=$P$10,K47=$P$10,L47=$P$10),"Yes","No") -> Yes | T47: NA
D48: Gender-balanced promotion and retention | G48: Gender-sensistive product design and market research | K48: Gender-inclusive selection of strategic suppliers | N48: Amount of total annual investment/ funding raised by your organisation (in USD) | O48: Business performance | P48: =IF(OR(C48=$P$10,D48=$P$10,E48=$P$10,F48=$P$10,G48=$P$10,H48=$P$10,I48=$P$10,J48=$P$10,K48=$P$10,L48=$P$10),"Yes","No") -> Yes | T48: NA
D49: Gender-balanced promotion and retention | G49: Gender-sensistive product design and market research | K49: Gender-inclusive selection of strategic suppliers | N49: Amount of annual investment/ funding raised by your organization thanks to/ for your gender work/gender-inclusive positioning (in USD) | O49: Business performance | P49: =IF(OR(C49=$P$10,D49=$P$10,E49=$P$10,F49=$P$10,G49=$P$10,H49=$P$10,I49=$P$10,J49=$P$10,K49=$P$10,L49=$P$10),"Yes","No") -> Yes | T49: NA
B50: =IF(OR(C50=$P$10,D50=$P$10,E50=$P$10,F50=$P$10,G50=$P$10,H50=$P$10,I50=$P$10,J50=$P$10,K50=$P$10,L50=$P$10),"Yes","No") -> Yes | N50: Non-standardized metrics (less standardized metrics for which the measurement methodology could be tailored on a case by case basis)
C51: Gender-balanced hiring | D51: Gender-balanced promotion and retention | E51: Gender-sensitive HR policies and practicies | G51: Gender-sensistive product design and market research | I51: Diversity in distribution and sales' team | N51: Level of average productivity achieved by your organisation’s staff (in specific, pre-defined productivity metrics) | O51: Business performance | P51: =IF(OR(C51=$P$10,D51=$P$10,E51=$P$10,F51=$P$10,G51=$P$10,H51=$P$10,I51=$P$10,J51=$P$10,K51=$P$10,L51=$P$10),"Yes","No") -> Yes | T51: NA
E52: Gender-sensitive HR policies and practicies | N52: Quality and quantity of all staff’s involvement/ contributions during staff meetings and other strategic and decision-making processes of your organisation (in specific, pre-defined quality and quantity metrics) | O52: Social impact | P52: =IF(OR(C52=$P$10,D52=$P$10,E52=$P$10,F52=$P$10,G52=$P$10,H52=$P$10,I52=$P$10,J52=$P$10,K52=$P$10,L52=$P$10),"Yes","No") -> Yes | T52: NA
D53: Gender-balanced promotion and retention | E53: Gender-sensitive HR policies and practicies | N53: Gender pay gap ratio in your organisation ((average hourly pay for men - average hourly pay for women) / average hourly pay for men*100) | O53: Social impact | P53: =IF(OR(C53=$P$10,D53=$P$10,E53=$P$10,F53=$P$10,G53=$P$10,H53=$P$10,I53=$P$10,J53=$P$10,K53=$P$10,L53=$P$10),"Yes","No") -> Yes | T53: NA
E54: Gender-sensitive HR policies and practicies | N54: Proportion of your organisation’s staff rating their work-life balance as (very) good (%) | O54: Social impact | P54: =IF(OR(C54=$P$10,D54=$P$10,E54=$P$10,F54=$P$10,G54=$P$10,H54=$P$10,I54=$P$10,J54=$P$10,K54=$P$10,L54=$P$10),"Yes","No") -> Yes | T54: NA
E55: Gender-sensitive HR policies and practicies | N55: Presence of non-inclusive or gender-insensitive practices, policies, culture or incidents in your organisation (number of practices, policies, incidents, etc.) | O55: Social impact | P55: =IF(OR(C55=$P$10,D55=$P$10,E55=$P$10,F55=$P$10,G55=$P$10,H55=$P$10,I55=$P$10,J55=$P$10,K55=$P$10,L55=$P$10),"Yes","No") -> Yes | T55: NA
G56: Gender-sensistive product design and market research | N56: Development or improvement of the organisation’s service/ product to make it more gender-sensitive and inclusive (number of products / services developed or improved) | O56: Social impact | P56: =IF(OR(C56=$P$10,D56=$P$10,E56=$P$10,F56=$P$10,G56=$P$10,H56=$P$10,I56=$P$10,J56=$P$10,K56=$P$10,L56=$P$10),"Yes","No") -> Yes | T56: NA
G57: Gender-sensistive product design and market research | N57: Launch of business development efforts in the organisation to serve new user segments | O57: Social impact | P57: =IF(OR(C57=$P$10,D57=$P$10,E57=$P$10,F57=$P$10,G57=$P$10,H57=$P$10,I57=$P$10,J57=$P$10,K57=$P$10,L57=$P$10),"Yes","No") -> Yes | T57: NA
G58: Gender-sensistive product design and market research | H58: Gender-inclusive marketing and communication | I58: Diversity in distribution and sales' team | N58: Average cost of customer/ user/ end beneficiary acquisition for your organisation (cost of sales and marketing activities / total number of customers acquired during the period these activities were carried out) (USD) | O58: Business performance | P58: =IF(OR(C58=$P$10,D58=$P$10,E58=$P$10,F58=$P$10,G58=$P$10,H58=$P$10,I58=$P$10,J58=$P$10,K58=$P$10,L58=$P$10),"Yes","No") -> Yes | T58: NA
H59: Gender-inclusive marketing and communication | N59: Effectiveness of your organisation's communication tools/ activities aimed at customers/ users/ end beneficiaries | O59: Business performance | P59: =IF(OR(C59=$P$10,D59=$P$10,E59=$P$10,F59=$P$10,G59=$P$10,H59=$P$10,I59=$P$10,J59=$P$10,K59=$P$10,L59=$P$10),"Yes","No") -> Yes | T59: NA
H60: Gender-inclusive marketing and communication | N60: Launch of promotional, marketing and/or distribution activities aimed at customers/ users/ end beneficiaries conducted in a more gender-sensitive and inclusive manner (number of activities) | O60: Social impact | P60: =IF(OR(C60=$P$10,D60=$P$10,E60=$P$10,F60=$P$10,G60=$P$10,H60=$P$10,I60=$P$10,J60=$P$10,K60=$P$10,L60=$P$10),"Yes","No") -> Yes | T60: NA
G61: Gender-sensistive product design and market research | J61: Gender-sensitive customer service | N61: Annual average turnover rate of end users or beneficiaries of your organisation (number of end users or beneficiary lost during the year / number of end users or beneficiaries at the beginning of that year) | O61: Business performance | P61: =IF(OR(C61=$P$10,D61=$P$10,E61=$P$10,F61=$P$10,G61=$P$10,H61=$P$10,I61=$P$10,J61=$P$10,K61=$P$10,L61=$P$10),"Yes","No") -> Yes | T61: NA
I62: Diversity in distribution and sales' team | N62: Number of complaints or problems brought to the organisation’s customer service department | O62: Business performance | P62: =IF(OR(C62=$P$10,D62=$P$10,E62=$P$10,F62=$P$10,G62=$P$10,H62=$P$10,I62=$P$10,J62=$P$10,K62=$P$10,L62=$P$10),"Yes","No") -> Yes | T62: NA
K63: Gender-inclusive selection of strategic suppliers | L63: Gender-sensitive training of strategic suppliers | N63: Average level of production/ productivity of strategic suppliers, as a result of the implementation of gender-inclusive policies (in specific, pre-defined production/ productivity metrics) | O63: Business performance | P63: =IF(OR(C63=$P$10,D63=$P$10,E63=$P$10,F63=$P$10,G63=$P$10,H63=$P$10,I63=$P$10,J63=$P$10,K63=$P$10,L63=$P$10),"Yes","No") -> Yes | T63: NA
K64: Gender-inclusive selection of strategic suppliers | L64: Gender-sensitive training of strategic suppliers | N64: Average level of production/ productivity of partners as a result of the implementation of gender-inclusive policies (in specific, pre-defined production/ productivity metrics) | O64: Business performance | P64: =IF(OR(C64=$P$10,D64=$P$10,E64=$P$10,F64=$P$10,G64=$P$10,H64=$P$10,I64=$P$10,J64=$P$10,K64=$P$10,L64=$P$10),"Yes","No") -> Yes | T64: NA
N65: Influence in making legislation/ public policy/ regulations more gender-sensitive and inclusive | O65: Social impact | P65: =IF(OR(C65=$P$10,D65=$P$10,E65=$P$10,F65=$P$10,G65=$P$10,H65=$P$10,I65=$P$10,J65=$P$10,K65=$P$10,L65=$P$10),"Yes","No") -> Yes | T65: NA

Sheet Gender initiative list
A1: TYPE OF INTERVENTION | B1: Staff and leadership diversity | F1: Initiative 1 | G1: =IF('M3 - Initiative template'!$P$9=B1,B5,IF('M3 - Initiative template'!$P$9=B2,B10,IF('M3 - Initiative template'!$P$9=B3,B15,""))) | H1: Activities | I1: {=IFERROR(INDEX(_xlfn._xlws.FILTER(B23:K27,B22:K22='M3 - Initiative template'!P10),ROW(A1:A5)),"")} | J1: TA deliverables | K1: {=IFERROR(INDEX(_xlfn._xlws.FILTER(B34:K38,B33:K33='M3 - Initiative template'!P10),ROW(A1:A5)),"")}
B2: Gender-inclusive product or service | G2: =IF('M3 - Initiative template'!$P$9=B1,B6,IF('M3 - Initiative template'!$P$9=B2,B11,IF('M3 - Initiative template'!$P$9=B3,B16,"")))
B3: Diversity and equity in the supply chain | G3: =IF('M3 - Initiative template'!$P$9=B1,B7,IF('M3 - Initiative template'!$P$9=B2,B12,IF('M3 - Initiative template'!$P$9=B3,B17,"")))
G4: =IF('M3 - Initiative template'!$P$9=B1,B8,IF('M3 - Initiative template'!$P$9=B2,B13,IF('M3 - Initiative template'!$P$9=B3,B18,"")))
A5: AREA OF INTERVENTION | B5: Gender-balanced hiring
B6: Gender-balanced promotion and retention
B7: Gender-sensitive HR policies and practicies
B8: Board of Director's diversity
B10: Gender-sensistive product design and market research
B11: Gender-inclusive marketing and communication
B12: Diversity in distribution and sales' team
B13: Gender-sensitive customer service
B15: Gender-inclusive selection of strategic suppliers
B16: Gender-sensitive training of strategic suppliers
B19: Yes
B20: No
A22: Activities | B22: Gender-balanced hiring | C22: Gender-balanced promotion and retention | D22: Gender-sensitive HR policies and practicies | E22: Board of Director's diversity | F22: Gender-sensistive product design and market research | G22: Gender-inclusive marketing and communication | H22: Diversity in distribution and sales' team | I22: Gender-sensitive customer service | J22: Gender-inclusive selection of strategic suppliers | K22: Gender-sensitive training of strategic suppliers
B23: Diagnostic of the organization’s hiring processes and policies | C23: Diagnostic of the organization’s promotion and retention processes and policies | D23: Diagnostic of the gaps in the organization’s HR policies and practices | E23: Diagnostic of the organization’s Board of Directors | F23: Diagnostic of the organization’s product design and market research approach/ processes | G23: Diagnostic of the organization’s marketing and communication practices | H23: Diagnostic of the organization’s distribution and sales team diversity | I23: Diagnostic of the organization’s customer service practices | J23: Diagnostic of the organization’s supplier selection | K23: Diagnostic of the organization’s supplier training efforts (or aspirations/ requirements in case it is not existing yet)
B24: Provision of gender sensitization workshop for the recruitment team and leadership, with a focus on inclusive hiring practices | C24: Provision of gender sensitization workshop for staff and leadership, with a focus on inclusive promotion and retention practices. | D24: Facilitation of a collaborative process to review and explore the identified gaps in HR policies and practices, ensuring they are tailored to fit the organization’s specific team structure, composition, work arrangements, and core values | E24: Development/ improvement of clear guidelines/ action plan to build a diverse, inclusive board, with measurable targets and transparent processes for recruitment, onboarding, and evaluation | F24: Development/ improvement of a clear framework, structured process and guidelines | G24: Development of detailed gender-inclusive guidelines, describing structured policies and processes | H24: Development of recommendations to make sales strategies more gender inclusive and effective towards customers of all genders (in terms of customer segmentation, pitch adaptation, and best practice adoption) | I24: Development of detailed gender-sensitive customer service guidelines, describing improvements and processes required | J24: Development of detailed gender-inclusive guidelines, describing structured policies and processes | K24: Revision or development of gender-appropriate training materials for suppliers
B25: Development of gender-inclusive guidelines describing structured policies and processes | C25: Development of gender-inclusive guidelines describing structured policies and processes | D25: Development, formalization, and/or revision of gender-sensitive policies — either creating new ones or strengthening existing ones, ensuring these documents clearly define objectives and processes | E25: Provision of structured observation and feedback during a live board meeting, assessing interaction dynamics, inclusivity, and gender balance. | F25: Delivery of 3 quarterly reports to LeFil on progress of venture, using the MoU template, which includes update on qualitative and quantitative data on activities, timeline and metrics | G25: Provision of practical training for the marketing and communication team on applying gender-inclusive practices, ensuring all team members understand and consistently apply the agreed processes and guidelines across campaigns and outreach efforts | H25: Development of gender-sensitive team organization/management guidelines, notably related to remote work and travel, to ensure they accommodate employees with caregiving duties or security concerns | I25: Provision of an interactive workshop to present the above guidelines to all members of the customer service team and management, ensuring broad awareness and alignment. | J25: Provision of a gender sensitization workshop to familiarize the procurement team and leadership with the recommended policies and processes, and more generally with inclusive supplier selection practices | K25: Provision of an interactive workshop to present the above training material and guidelines to relevant staff and leadership ensuring broad awareness and alignment.
B26: Provision of an interactive workshop to present the above guidelines to all members of the organization, ensuring broad awareness and alignment | C26: Provision of an interactive workshop to present the above guidelines to all members of the organization, ensuring broad awareness and alignment | D26: Establishment of clear processes and assigned responsibilities to ensure effective implementation of all gender-sensitive policies, alongside a simple internal monitoring system to track impact, gather feedback, and support continuous improvement | E26: Delivering 3 quarterly reports to LeFil on progress of venture, using the MoU template, which includes update on qualitative and quantitative data on activities, timeline and metrics | G26: Delivery of 3 quarterly reports to LeFil on progress of venture, using the MoU template, which includes update on qualitative and quantitative data on activities, timeline and metrics | H26: Development of a gender-disaggregated sales performance framework, including structured tracking, analysis of success factors, target setting, and remuneration strategies to ensure fair compensation and growth opportunities for all genders | I26: Delivery of 3 quarterly reports to LeFil on progress of venture, using the MoU template, which includes update on qualitative and quantitative data on activities, timeline and metrics | J26: Delivery of 3 quarterly reports to LeFil on progress of venture, using the MoU template, which includes update on qualitative and quantitative data on activities, timeline and metrics | K26: Delivery of 3 quarterly reports to LeFil on progress of venture, using the MoU template, which includes update on qualitative and quantitative data on activities, timeline and metrics
B27: Delivery of 3 quarterly reports to LeFil on progress of venture, using the MoU template, which includes update on qualitative and quantitative data on activities, timeline and metrics | C27: Delivery of 3 quarterly reports to LeFil on progress of venture, using the MoU template, which includes update on qualitative and quantitative data on activities, timeline and metrics | D27: Delivery of 3 quarterly reports to LeFil on progress of venture, using the MoU template, which includes update on qualitative and quantitative data on activities, timeline and metrics | H27: Delivery of 3 quarterly reports to LeFil on progress of venture, using the MoU template, which includes update on qualitative and quantitative data on activities, timeline and metrics
A33: TA deliverables | B33: Gender-balanced hiring | C33: Gender-balanced promotion and retention | D33: Gender-sensitive HR policies and practicies | E33: Board of Director's diversity | F33: Gender-sensistive product design and market research | G33: Gender-inclusive marketing and communication | H33: Diversity in distribution and sales' team | I33: Gender-sensitive customer service | J33: Gender-inclusive selection of strategic suppliers | K33: Gender-sensitive training of strategic suppliers
B34: Diagnostic summary (1-2 pages describing current practices) | C34: Diagnostic summary (1-2 pages describing current practices) | D34: Diagnostic summary (1-2 pages describing current practices) | E34: Diagnostic summary (1-2 pages describing current practices) | F34: Diagnostic summary (1-2 pages describing current practices) | G34: Diagnostic summary (1-2 pages describing current practices) | H34: Diagnostic summary (1-2 pages describing current practices) | I34: Diagnostic summary (1-2 pages describing current practices) | J34: Diagnostic summary (1-2 pages describing current practices) | K34: Diagnostic summary (1-2 pages describing current practices)
B35: Workshop material (slides, etc.) | C35: Workshop material (slides, etc.) | D35: Revised diagnostic summary | E35: Detailed guidelines | F35: Detailed and client-approved guidelines | G35: Detailed and client-approved guidelines | H35: Detailed and client-approved recommendations | I35: Detailed and client-approved guidelines | J35: Detailed and client-approved guidelines | K35: Training material and guidelines (slides, etc.)
B36: Detailed and client-approved guidelines | C36: Detailed and client-approved guidelines | D36: Detailed and client-approved policies | E36: Detailed recommendations | F36: Updated MoU template | G36: Workshop material (slides, etc.) | H36: Detailed and client-approved guidelines | I36: Workshop material (slides, etc.) | J36: Workshop material (slides, etc.) | K36: Workshop material (slides, etc.)
B37: N/A | C37: N/A | D37: Detailed description of implementation process | E37: Updated MoU template | G37: Updated MoU template | H37: Detailed and client-approved framework | I37: Updated MoU template | J37: Updated MoU template | K37: Updated MoU template
B38: Updated MoU template | C38: Updated MoU template | D38: Updated MoU template | H38: Updated MoU template
